Workbook
Name _1Excel_BuiltIn_Print_Area_1_1_1: 'Прил 3'!$A$1:$C$32
Name _2Excel_BuiltIn_Print_Area_7_1_1: #REF!
Name _2Excel_BuiltIn_Print_Area_7_1_1: #REF!
Name _Toc105952698: 'Прил 4 '!$A$3
Name _Toc105952698: #REF!
Name Excel_BuiltIn_Print_Area_1: 'Прил 3'!$A$1:$C$32
Name Excel_BuiltIn_Print_Area_1_1: 'Прил 3'!$A$1:$C$32
Name Excel_BuiltIn_Print_Area_2: #REF!
Name Excel_BuiltIn_Print_Area_2: #REF!
Name Excel_BuiltIn_Print_Area_3: 'Прил 1'!$A$1:$C$34
Name Excel_BuiltIn_Print_Area_3_1: #REF!
Name Excel_BuiltIn_Print_Area_3_1: #REF!
Name Excel_BuiltIn_Print_Area_4: #REF!
Name Excel_BuiltIn_Print_Area_4: #REF!
Name Excel_BuiltIn_Print_Area_5: 'Прил 4 '!$A$1:$I$55
Name Excel_BuiltIn_Print_Area_5: #REF!
Name Excel_BuiltIn_Print_Area_5_1: 'Прил 4 '!$A$1:$I$55
Name Excel_BuiltIn_Print_Area_5_1: #REF!
Name Excel_BuiltIn_Print_Area_6: 'Прил 5'!$A$1:$G$50
Name Excel_BuiltIn_Print_Area_6_1: 'Прил 5'!$A$1:$G$50
Name Excel_BuiltIn_Print_Area_7: #REF!
Name Excel_BuiltIn_Print_Area_7: #REF!
Name Excel_BuiltIn_Print_Area_7_1: #REF!
Name Excel_BuiltIn_Print_Area_7_1: #REF!

Sheet Прил 1
C1: Приложение 1
C2: к решению сессии Совета депутатов Паевскго сельского поселения "О бюджете Паевского сельского поселения Кадошкинского муниципального района Республики Мордовия на 2021 год и на плановый период 2022 и 2023 годов"
A4: ПЕРЕЧЕНЬ АДМИНИСТРАТОРОВ ДОХОДОВ БЮДЖЕТА ПАЕВСКОГО СЕЛЬСКОГО ПОСЕЛЕНИЯ КАДОШКИНСКОГО МУНИЦИПАЛЬНОГО РАЙОНА РЕСПУБЛИКИ МОРДОВИЯ
A6: Код бюджетной классификации Российской Федерации | C6: Наименование доходов бюджета
A7: админи- стратора доходов | B7: доходов бюджета
A8: 1 | B8: 2 | C8: 3
A10: 918 | B10: Администрация Паевского сельского поселения Кадошкинского муниципального района Республики Мордовия
A12: 918 | B12: 1 08 04020 01 1000 110 | C12: Государственная пошлина за совершение нотариальных действий должностными лицами органов местного самоуправления, уполномоченными в соответствии с законодательными актами Российской Федерации на совершение нотариальных действий
A13: 918 | B13: 1 08 04020 01 4000 110 | C13: Государственная пошлина за совершение нотариальных действий должностными лицами органов местного самоуправления, уполномоченными в соответствии с законодательными актами Российской Федерации на совершение нотариальных действий (прочие поступления)
A14: 918 | B14: 1 11 02033 10 0000 120 | C14: Доходы от размещения временно свободных средств бюджетов сельских поселений
A15: 918 | B15: 1 11 05035 10 0000 120 | C15: Доходы от сдачи в аренду имущества, находящегося в оперативном управлении органов управления сельских поселений и созданных ими учреждений (за исключением имущества муниципальных бюджетных и автономных учреждений)
A16: 918 | B16: 1 11 09045 10 0000 120 | C16: Прочие поступления от использования имущества, находящегося в собственности сельских поселений (за исключением имущества муниципальных бюджетных и автономных учреждений, а также имущества муниципальных унитарных предприятий, в том числе казенных)
A17: 918 | B17: 1 13 01995 10 0000 130 | C17: Прочие доходы от оказания платных услуг (работ) получателями средств бюджетов сельских поселений
A18: 918 | B18: 1 13 02995 10 0000 130 | C18: Прочие доходы от компенсации затрат бюджетов сельских поселений
A19: 918 | B19: 1 14 02052 10 0000 410 | C19: Доходы от реализации имущества, находящегося в оперативном управлении учреждений, находящихся в ведении органов управления сельских поселений (за исключением имущества муниципальных бюджетных и автономных учреждений), в части реализации основных средств по указанному имуществу
A20: 918 | B20: 1 14 02052 10 0000 440 | C20: Доходы от реализации имущества, находящегося в оперативном управлении учреждений, находящихся в ведении органов управления сельских поселений (за исключением имущества муниципальных бюджетных и автономных учреждений), в части реализации материальных запасов по указанному имуществу
A21: 918 | B21: 1 14 02053 10 0000 410 | C21: Доходы от реализации иного имущества, находящегося в собственности сельских поселений (за исключением имущества муниципальных бюджетных и автономных учреждений, а также имущества муниципальных унитарных предприятий, в том числе казенных), в части реализации основных средств по указанному имуществу
A22: 918 | B22: 1 14 02053 10 0000 440 | C22: Доходы от реализации иного имущества, находящегося в собственности сельских поселений (за исключением имущества муниципальных бюджетных и автономных учреждений, а также имущества муниципальных унитарных предприятий, в том числе казенных), в части реализации материальных запасов по указанному имуществу
A23: 918 | B23: 1 14 06025 10 0000 430 | C23: Доходы от продажи земельных участков, находящихся в собственности сельских поселений (за исключением земельных участков муниципальных бюджетных и автономных учреждений)
... A39: 918 | B39: 2 08 05000 10 0000 150 | C39: Перечисления из бюджетов сельских поселений (в бюджеты поселений) для осуществления возврата (зачета) излишне уплаченных или излишне взысканных сумм налогов, сборов и иных платежей, а также сумм процентов за несвоевременное осуществление такого возврата и процентов, начисленных на излишне взысканные суммы

Sheet Прил 2
C1: Приложение 2
C2: к решению сессии Совета депутатов Паевскго сельского поселения "О бюджете Паевского сельского поселения Кадошкинского муниципального района Республики Мордовия на 2021 год и на плановый период 2022 и 2023 годов"
A3: ПЕРЕЧЕНЬ ГЛАВНЫХ АДМИНИСТРАТОРОВ ИСТОЧНИКОВ ФИНАНСИРОВАНИЯ ДЕФИЦИТА БЮДЖЕТА ПАЕВСКОГО СЕЛЬСКОГО ПОСЕЛЕНИЯ КАДОШКИНСКОГО МУНИЦИПАЛЬНОГО РАЙОНА РЕСПУБЛИКИ МОРДОВИЯ
A6: Код бюджетной классификации Российской Федерации | C6: Наименование главного администратора источника финансирования бюджета
A7: админи- стратора | B7: источников внутреннего финансирования дефицита бюджета
A8: 1 | B8: 2 | C8: 3
A9: 918 | C9: Администрация Паевского сельского поселения Кадошкинского муниципального района
A10: 918 | B10: 01 02 00 00 10 0000 710 | C10: Получение кредитов от кредитных организаций бюджетами сельских поселений в валюте Российской Федерации
A11: 918 | B11: 01 03 01 00 10 0000 810 | C11: Погашение бюджетами сельских поселений кредитов из других бюджетов бюджетной системы Российской Федерации в валюте Российской Федерации

Sheet Прил 3
D1: Приложение 3
C2: к решению сессии Совета депутатов Паевскго сельского поселения "О бюджете Паевского сельского поселения Кадошкинского муниципального района Республики Мордовия на 2021 год и на плановый период 2022 и 2023 годов"
A3: ДОХОДЫ БЮДЖЕТА ПАЕВСКОГО СЕЛЬСКОГО ПОСЕЛЕНИЯ КАДОШКИНСКОГО МУНИЦИПАЛЬНОГО РАЙОНА РЕСПУБЛИКИ МОРДОВИЯ
C4: (тыс.рублей)
A5: Код бюджетной классификации доходов бюджета | B5: Наименование доходов | C5: Сумма
C6: 2021 год | D6: 2022 год | E6: 2023 год
A7: 1 | B7: 2 | C7: 3 | D7: 4 | E7: 5
B8: ВСЕГО ДОХОДОВ | C8: =SUM(C9+C22) -> 1584.11 | D8: =SUM(D9+D22) -> 1053.8 | E8: =SUM(E9+E22) -> 1098.2
A9: 00010000000000000000 | B9: НАЛОГОВЫЕ И НЕНАЛОГОВЫЕ ДОХОДЫ | C9: =SUM(C10+C13+C15+C17+C20) -> 556.7 | D9: =SUM(D10+D13+D15+D17+D20) -> 565.6 | E9: =SUM(E10+E13+E15+E17+E20) -> 586
A10: 00010100000000000000 | B10: НАЛОГИ НА ПРИБЫЛЬ, ДОХОДЫ | C10: =SUM(C11) -> 36.5 | D10: =SUM(D11) -> 37.9 | E10: =SUM(E11) -> 39.5
A11: 00010102000010000110 | B11: Налог на доходы физических лиц | C11: =SUM(C12) -> 36.5 | D11: =SUM(D12) -> 37.9 | E11: =SUM(E12) -> 39.5
A12: 18210102010010000110 | B12: Налог на доходы физических лиц с доходов, источником которых является налоговый агент, за исключением доходов, в отношении которых исчисление и уплата налога осуществляются в соответствии со статьями 227, 2271 и 228 Налогового кодекса Российской Федерации | C12: 36.5 | D12: 37.9 | E12: 39.5
A13: 00010500000000000000 | B13: НАЛОГИ НА СОВОКУПНЫЙ ДОХОД | C13: =SUM(C14) -> 9.3 | D13: =SUM(D14) -> 0 | E13: =SUM(E14) -> 0
A14: 18210503010010000110 | B14: Единый сельскохозяйственный налог | C14: 9.3 | D14: 0 | E14: 0
A15: 00010600000000000000 | B15: НАЛОГИ НА ИМУЩЕСТВО | C15: =SUM(C16) -> 76 | D15: =SUM(D16) -> 91 | E15: =SUM(E16) -> 108
A16: 18210601030100000110 | B16: Налог на имущество физических лиц, взимаемый по ставкам, применяемым к объектам налогообложения, расположенным в границах сельских поселений | C16: 76 | D16: 91 | E16: 108
A17: 00010606000000000110 | B17: Земельный налог | C17: =SUM(C18+C19) -> 390 | D17: =SUM(D18+D19) -> 390 | E17: =SUM(E18+E19) -> 390
A18: 18210606033100000110 | B18: Земельный налог с организаций, обладающих земельным участком, расположенным в границах сельских поселений | C18: 110 | D18: 110 | E18: 110
A19: 18210606043100000110 | B19: Земельный налог с физических лиц, обладающих земельным участком, расположенным в границах сельских поселений | C19: 280 | D19: 280 | E19: 280
A20: 00011100000000000000 | B20: ДОХОДЫ ОТ ИСПОЛЬЗОВАНИЯ ИМУЩЕСТВА, НАХОДЯЩЕГОСЯ В ГОСУДАРСТВЕННОЙ И МУНИЦИПАЛЬНОЙ СОБСТВЕННОСТИ | C20: =SUM(C21) -> 44.9 | D20: =SUM(D21) -> 46.7 | E20: =SUM(E21) -> 48.5
A21: 91811105035100000120 | B21: Доходы от сдачи в аренду имущества, находящегося в оперативном управлении органов управления поселений и созданных ими учреждений (за исключением имущества муниципальных бюджетных и автономных учреждений) | C21: 44.9 | D21: 46.7 | E21: 48.5
A22: 00020200000000000000 | B22: БЕЗВОЗМЕЗДНЫЕ ПОСТУПЛЕНИЯ ОТ ДРУГИХ БЮДЖЕТОВ БЮДЖЕТНОЙ СИСТЕМЫ РОССИЙСКОЙ ФЕДЕРАЦИИ | C22: =SUM(C28+C31+C26+C23) -> 1027.41 | D22: =SUM(D28+D31+D26+D23) -> 488.2 | E22: =SUM(E28+E31+E26+E23) -> 512.2
A23: 00020210000000000150 | B23: Дотации бюджетам бюджетной системы Российской Федерации | C23: =C24+C25 -> 306.7 | D23: =D24+D25 -> 4.5 | E23: =E24+E25 -> 13.8
A24: 91820215001100000150 | B24: Дотации бюджетам сельских поселений на выравнивание бюджетной обеспеченности | C24: 0 | D24: 4.5 | E24: 13.8
A25: 91820215002100000150 | B25: Дотации бюджетам сельских поселений на поддержку мер по обеспечению сбалансированности бюджетов | C25: 306.7 | D25: 0 | E25: 0
A26: 00020220000000000150 | B26: Субсидии бюджетам бюджетной системы Российской Федерации (межбюджетные субсидии) | C26: =C27 -> 230 | D26: =D27 -> 0 | E26: =E27 -> 0
A27: 91820229999100000150 | B27: Прочие субсидии бюджетам сельских поселений | C27: 230 | D27: 0 | E27: 0
A28: 00020230000000000150 | B28: Субвенции бюджетам бюджетной системы Российской Федерации | C28: =SUM(C29+C30) -> 86.9 | D28: =SUM(D29+D30) -> 87.5 | E28: =SUM(E29+E30) -> 90.2
A29: 91820230024100000150 | B29: Субвенции на осуществление государственных полномочий Республики Мордовия по определению перечня должностных лиц, уполномоченных составлять протоколы об административных правонарушениях, предусмотренных Законом Республики Мордовия от 15 июня 2015 года № 38-З "Об административной ответственности на территории Республики Мордовия" | C29: 0.1 | D29: 0.1 | E29: 0.1
A30: 91820235118100000150 | B30: Субвенции бюджетам сельских поселений на осуществление первичного воинского учета на территориях, где отсутствуют военные комиссариаты | C30: 86.8 | D30: 87.4 | E30: 90.1
A31: 00020240000000000150 | B31: Иные межбюджетные трансферты | C31: =SUM(C32) -> 403.81 | D31: =SUM(D32) -> 396.2 | E31: =SUM(E32) -> 408.2
A32: 91820240014100000150 | B32: Межбюджетные трансферты, передаваемые бюджетам сельских поселений из бюджетов муниципальных районов на осуществление части полномочий по решению вопросов местного значения в соответствии с заключенными соглашениями | C32: =371.1+0.4+25+7.31 -> 403.81 | D32: =395.8+0.4 -> 396.2 | E32: =407.8+0.4 -> 408.2

Sheet Прил 4 
I1: Приложение 4
G2: к решению сессии Совета депутатов Паевскго сельского поселения "О бюджете Паевского сельского поселения Кадошкинского муниципального района Республики Мордовия на 2021 год и на плановый период 2022 и 2023 годов"
A3: Распределение бюджетных ассигнований бюджета Паевского сельского поселения Кадошкинского муниципального района Республики Мордовия по разделам, подразделам, целевым статьям, группам (группам и подгруппам) видов расходов классификации расходов бюджетов на 2021 год и на плановый период 2022 и 2023 годов
A5: Наименование | B5: Рз | C5: ПР | D5: ЦСР | H5: ВР | I5: Сумма (тыс. рублей)
I6: 2021 год | J6: 2022 год | K6: 2023 год
A7: 1 | B7: 2 | C7: 3 | D7: 4 | E7: 5 | F7: 6 | G7: 7 | H7: 8 | I7: 9 | J7: 10 | K7: 11
A8: ВСЕГО | I8: =I9+I62+I71+I78+I94+I101 -> 1584.11 | J8: =J9+J62+J71+J78+J94+J101+J112 -> 1053.8 | K8: =K9+K62+K71+K78+K94+K101+K112 -> 1098.2
A9: Общегосударственные вопросы | B9: 01 | I9: =I10+I19+I43 -> 898.7 | J9: =J10+J19+J43 -> 492.3 | K9: =K10+K19+K43 -> 519.4
A10: Функционирование высшего должностного лица субъекта Российской Федерации и муниципального образования | B10: 01 | C10: 02 | I10: =I11 -> 323.8 | J10: =J11 -> 134.5 | K10: =K11 -> 134.3
A11: Обеспечение деятельности администрации | B11: 01 | C11: 02 | D11: 65 | I11: =I12 -> 323.8 | J11: =J12 -> 134.5 | K11: =K12 -> 134.3
A12: Высшее должностное лицо | B12: 01 | C12: 02 | D12: 65 | E12: 1 | I12: =I13+I16 -> 323.8 | J12: =J13+J16 -> 134.5 | K12: =K13+K16 -> 134.3
A13: Расходы на выплаты по оплате труда высшего должностного лица | B13: 01 | C13: 02 | D13: 65 | E13: 1 | F13: 00 | G13: 41150 | I13: =I14 -> 233.2 | J13: =J14 -> 134.5 | K13: =K14 -> 134.3
A14: Расходы на выплаты персоналу в целях обеспечения выполнения функций государственными (муниципальными) органами, казенными учреждениями, органами управления государственными внебюджетными фондами | B14: 01 | C14: 02 | D14: 65 | E14: 1 | F14: 00 | G14: 41150 | H14: 100 | I14: =I15 -> 233.2 | J14: =J15 -> 134.5 | K14: =K15 -> 134.3
A15: Расходы на выплаты персоналу государственных (муниципальных) органов | B15: 01 | C15: 02 | D15: 65 | E15: 1 | F15: 00 | G15: 41150 | H15: 120 | I15: ='Прил 5'!J17 -> 233.2 | J15: ='Прил 5'!K17 -> 134.5 | K15: ='Прил 5'!L17 -> 134.3
A16: Субсидии на софинансирование расходных обязательств по финансовому обеспечению деятельности органов местного самоуправления и муниципальных учреждений | B16: 01 | C16: 02 | D16: 65 | E16: 1 | F16: 00 | G16: 44205 | I16: =I17 -> 90.6 | J16: =J17 -> 0 | K16: =K17 -> 0
A17: Расходы на выплаты персоналу в целях обеспечения выполнения функций государственными (муниципальными) органами, казенными учреждениями, органами управления государственными внебюджетными фондами | B17: 01 | C17: 02 | D17: 65 | E17: 1 | F17: 00 | G17: 44205 | H17: 100 | I17: =I18 -> 90.6 | J17: =J18 -> 0 | K17: =K18 -> 0
A18: Расходы на выплаты персоналу государственных (муниципальных) органов | B18: 01 | C18: 02 | D18: 65 | E18: 1 | F18: 00 | G18: 44205 | H18: 120 | I18: ='Прил 5'!J20 -> 90.6 | J18: ='Прил 5'!K20 -> 0 | K18: ='Прил 5'!L20 -> 0
A19: Функционирование Правительства Российской Федерации, высших органов исполнительной власти субъектов Российской Федерации, местных администраций | B19: 01 | C19: 04 | I19: =I20+I38 -> 573.9 | J19: =J20+J38 -> 356.8 | K19: =K20+K38 -> 384.1
A20: Обеспечение деятельности администрации | B20: 01 | C20: 04 | D20: 65 | I20: =I21 -> 573.8 | J20: =J21 -> 356.7 | K20: =K21 -> 384
A21: Непрограммные расходы в рамках обеспечения деятельности администрации | B21: 01 | C21: 04 | D21: 65 | E21: 2 | I21: =I22+I25+I31 -> 573.8 | J21: =J22+J25+J31 -> 356.7 | K21: =K22+K25+K31 -> 384
A22: Расходы на выплаты по оплате труда работников органов местного самоуправления | B22: 01 | C22: 04 | D22: 65 | E22: 2 | F22: 00 | G22: 41110 | I22: =I23 -> 363.3 | J22: =J23 -> 317.6 | K22: =K23 -> 288
A23: Расходы на выплаты персоналу в целях обеспечения выполнения функций государственными (муниципальными) органами, казенными учреждениями, органами управления государственными внебюджетными фондами | B23: 01 | C23: 04 | D23: 65 | E23: 2 | F23: 00 | G23: 41110 | H23: 100 | I23: =I24 -> 363.3 | J23: =J24 -> 317.6 | K23: =K24 -> 288
A24: Расходы на выплаты персоналу государственных (муниципальных) органов | B24: 01 | C24: 04 | D24: 65 | E24: 2 | F24: 00 | G24: 41110 | H24: 120 | I24: ='Прил 5'!J26 -> 363.3 | J24: ='Прил 5'!K26 -> 317.6 | K24: ='Прил 5'!L26 -> 288
A25: Расходы на обеспечение функций органов местного самоуправления | B25: 01 | C25: 04 | D25: 65 | E25: 2 | F25: 00 | G25: 41120 | I25: =I26+I28 -> 71.1 | J25: =J26+J28 -> 39.1 | K25: =K26+K28 -> 96
A26: Закупка товаров, работ и услуг для обеспечения государственных (муниципальных) нужд | B26: 01 | C26: 04 | D26: 65 | E26: 2 | F26: 00 | G26: 41120 | H26: 200 | I26: =I27 -> 63.5 | J26: =J27 -> 13.3 | K26: =K27 -> 70.2
A27: Иные закупки товаров, работ и услуг для обеспечения государственных (муниципальных) нужд | B27: 01 | C27: 04 | D27: 65 | E27: 2 | F27: 00 | G27: 41120 | H27: 240 | I27: ='Прил 5'!J29 -> 63.5 | J27: ='Прил 5'!K29 -> 13.3 | K27: ='Прил 5'!L29 -> 70.2
A28: Иные бюджетные ассигнования | B28: 01 | C28: 04 | D28: 65 | E28: 2 | F28: 00 | G28: 41120 | H28: 800 | I28: =I30+I29 -> 7.6 | J28: =J30+J29 -> 25.8 | K28: =K30+K29 -> 25.8
A29: Исполнение судебных актов | B29: 01 | C29: 04 | D29: 65 | E29: 2 | F29: 00 | G29: 41120 | H29: 830 | I29: ='Прил 5'!J31 -> 2 | J29: ='Прил 5'!K31 -> 0 | K29: ='Прил 5'!L31 -> 0
A30: Уплата налогов, сборов и иных платежей | B30: 01 | C30: 04 | D30: 65 | E30: 2 | F30: 00 | G30: 41120 | H30: 850 | I30: ='Прил 5'!J32 -> 5.6 | J30: ='Прил 5'!K32 -> 25.8 | K30: ='Прил 5'!L32 -> 25.8
A31: Субсидии на софинансирование расходных обязательств по финансовому обеспечению деятельности органов местного самоуправления и муниципальных учреждений | B31: 01 | C31: 04 | D31: 65 | E31: 2 | F31: 00 | G31: 44205 | I31: =I32+I34+I36 -> 139.4 | J31: =J32 -> 0 | K31: =K32 -> 0
A32: Расходы на выплаты персоналу в целях обеспечения выполнения функций государственными (муниципальными) органами, казенными учреждениями, органами управления государственными внебюджетными фондами | B32: 01 | C32: 04 | D32: 65 | E32: 2 | F32: 00 | G32: 44205 | H32: 100 | I32: =I33 -> 93 | J32: =J33 -> 0 | K32: =K33 -> 0
A33: Расходы на выплаты персоналу государственных (муниципальных) органов | B33: 01 | C33: 04 | D33: 65 | E33: 2 | F33: 00 | G33: 44205 | H33: 120 | I33: ='Прил 5'!J35 -> 93 | J33: ='Прил 5'!K35 -> 0 | K33: ='Прил 5'!L35 -> 0
A34: Закупка товаров, работ и услуг для обеспечения государственных (муниципальных) нужд | B34: 01 | C34: 04 | D34: 65 | E34: 2 | F34: 00 | G34: 44205 | H34: 200 | I34: =I35 -> 32.8 | J34: =J35 -> 0 | K34: =K35 -> 0
A35: Иные закупки товаров, работ и услуг для обеспечения государственных (муниципальных) нужд | B35: 01 | C35: 04 | D35: 65 | E35: 2 | F35: 00 | G35: 44205 | H35: 240 | I35: ='Прил 5'!J37 -> 32.8 | J35: 0 | K35: 0
A36: Иные бюджетные ассигнования | B36: 01 | C36: 04 | D36: 65 | E36: 2 | F36: 00 | G36: 44205 | H36: 800 | I36: =I37 -> 13.6 | J36: =J37 -> 0 | K36: =K37 -> 0
A37: Уплата налогов, сборов и иных платежей | B37: 01 | C37: 04 | D37: 65 | E37: 2 | F37: 00 | G37: 44205 | H37: 850 | I37: ='Прил 5'!J39 -> 13.6 | J37: 0 | K37: 0
A38: Непрограммные расходы главных распорядителей средств бюджета Паевского сельского поселения Кадошкинского муниципального района Республики Мордовия | B38: 01 | C38: 04 | D38: 89 | I38: =I39 -> 0.1 | J38: =J39 -> 0.1 | K38: =K39 -> 0.1
A39: Непрограммные расходы в рамках обеспечения деятельности главных распорядителей средств бюджета Паевского сельского поселения Кадошкинского муниципального района Республики Мордовия | B39: 01 | C39: 04 | D39: 89 | E39: 1 | I39: =I40 -> 0.1 | J39: =J40 -> 0.1 | K39: =K40 -> 0.1
A40: Осуществление государственных полномочий Республики Мордовия по определению перечня должностных лиц, уполномоченных составлять протоколы об административных правонарушениях, предусмотренных Законом Республики Мордовия от 15 июня 2015 года № 38-З "Об административной ответственности на территории Республики Мордовия" | B40: 01 | C40: 04 | D40: 89 | E40: 1 | F40: 00 | G40: 77150 | I40: =I41 -> 0.1 | J40: =J41 -> 0.1 | K40: =K41 -> 0.1
A41: Закупка товаров, работ и услуг для обеспечения государственных (муниципальных) нужд | B41: 01 | C41: 04 | D41: 89 | E41: 1 | F41: 00 | G41: 77150 | H41: 200 | I41: =I42 -> 0.1 | J41: =J42 -> 0.1 | K41: =K42 -> 0.1
A42: Иные закупки товаров, работ и услуг для обеспечения государственных (муниципальных) нужд | B42: 01 | C42: 04 | D42: 89 | E42: 1 | F42: 00 | G42: 77150 | H42: 240 | I42: ='Прил 5'!J44 -> 0.1 | J42: ='Прил 5'!K44 -> 0.1 | K42: ='Прил 5'!L44 -> 0.1
A43: Резервные фонды | B43: 01 | C43: 11 | I43: =I44 -> 1 | J43: =J44 -> 1 | K43: =K44 -> 1
A44: Непрограммные расходы главных распорядителей средств бюджета Паевского сельского поселения Кадошкинского муниципального района Республики Мордовия | B44: 01 | C44: 11 | D44: 89 | I44: =I45 -> 1 | J44: =J45 -> 1 | K44: =K45 -> 1
A45: Непрограммные расходы в рамках обеспечения деятельности главных распорядителей средств бюджета Паевского сельского поселения Кадошкинского муниципального района Республики Мордовия | B45: 01 | C45: 11 | D45: 89 | E45: 1 | I45: =I46 -> 1 | J45: =J46 -> 1 | K45: =K46 -> 1
A46: Резервный фонд администрации Паевского сельского поселения Кадошкинского муниципального района Республики Мордовия | B46: 01 | C46: 11 | D46: 89 | E46: 1 | F46: 00 | G46: 41180 | I46: =I47 -> 1 | J46: =J47 -> 1 | K46: =K47 -> 1
A47: Иные бюджетные ассигнования | B47: 01 | C47: 11 | D47: 89 | E47: 1 | F47: 00 | G47: 41180 | H47: 800 | I47: =I48 -> 1 | J47: =J48 -> 1 | K47: =K48 -> 1
A48: Резервные средства | B48: 01 | C48: 11 | D48: 89 | E48: 1 | F48: 00 | G48: 41180 | H48: 870 | I48: ='Прил 5'!J50 -> 1 | J48: ='Прил 5'!K50 -> 1 | K48: ='Прил 5'!L50 -> 1
A49: Другие общегосударственные вопросы | B49: 01 | C49: 13
A50: Программа "Развитие муниципальной службы в Паевском сельском поселении на 2019-2022г.г." | B50: 01 | C50: 13 | D50: 01
A51: Подготовка, переподготовка и повышение квалификации кадров | B51: 01 | C51: 13 | D51: 01 | E51: 0 | F51: 00 | G51: 41250
A52: Прочая закупка товаров, работ и услуг | B52: 01 | C52: 13 | D52: 01 | E52: 0 | F52: 00 | G52: 41250 | H52: 244
A53: Противопожарная безопасность на территории Паевского сельского поселения на 2019-2020г.г. | B53: 01 | C53: 13 | D53: 08
A54: Мероприятия по обеспечению пожарной безопасности | B54: 01 | C54: 13 | D54: 08 | E54: 0 | F54: 00 | G54: 42120
A55: Прочая закупка товаров, работ и услуг | B55: 01 | C55: 13 | D55: 08 | E55: 0 | F55: 00 | G55: 42120 | H55: 244
A56: Гармонизация межнациональных и межконфессиальных отношений в Паевском сельском поселении на 2016-2020г.г. | B56: 01 | C56: 13 | D56: 24
A57: Мероприятия, направленные на развитие межнациональных отношений | B57: 01 | C57: 13 | D57: 24 | E57: 0 | F57: 00 | G57: 42310
A58: Прочая закупка товаров, работ и услуг | B58: 01 | C58: 13 | D58: 24 | E58: 0 | F58: 00 | G58: 42310 | H58: 244
A59: Программа по противодействию терроризму и экстремизму на территории Паевского сельского поселения на 2019-2020г.г. | B59: 01 | C59: 13 | D59: 31
A60: Мероприятия по укреплению общественного порядка и обеспечению общественной безопасности | B60: 01 | C60: 13 | D60: 31 | E60: 0 | F60: 00 | G60: 42300
A61: Прочая закупка товаров, работ и услуг | B61: 01 | C61: 13 | D61: 31 | E61: 0 | F61: 00 | G61: 42300 | H61: 244
A62: Национальная оборона | B62: 02 | I62: =I63 -> 86.8 | J62: =J63 -> 87.4 | K62: =K63 -> 90.1
A63: Мобилизационная и вневойсковая подготовка | B63: 02 | C63: 03 | I63: =I64 -> 86.8 | J63: =J64 -> 87.4 | K63: =K64 -> 90.1
A64: Непрограммные расходы главных распорядителей средств бюджета Паевского сельского поселения Кадошкинского муниципального района Республики Мордовия | B64: 02 | C64: 03 | D64: 89 | I64: =I65 -> 86.8 | J64: =J65 -> 87.4 | K64: =K65 -> 90.1
A65: Непрограммные расходы в рамках обеспечения деятельности главных распорядителей средств бюджета Паевского сельского поселения Кадошкинского муниципального района Республики Мордовия | B65: 02 | C65: 03 | D65: 89 | E65: 1 | I65: =I66 -> 86.8 | J65: =J66 -> 87.4 | K65: =K66 -> 90.1
A66: Осуществление государственных полномочий Российской Федерации о первичному воинскому учету на территориях, где отсутствуют военные комиссариаты | B66: 02 | C66: 03 | D66: 89 | E66: 1 | F66: 00 | G66: 51180 | I66: =I67+I69 -> 86.8 | J66: =J67+J69 -> 87.4 | K66: =K67+K69 -> 90.1
A67: Расходы на выплаты персоналу в целях обеспечения выполнения функций государственными (муниципальными) органами, казенными учреждениями, органами управления государственными внебюджетными фондами | B67: 02 | C67: 03 | D67: 89 | E67: 1 | F67: 00 | G67: 51180 | H67: 100 | I67: =I68 -> 82.9 | J67: =J68 -> 83.4 | K67: =K68 -> 86.1
A68: Расходы на выплаты персоналу государственных (муниципальных) органов | B68: 02 | C68: 03 | D68: 89 | E68: 1 | F68: 00 | G68: 51180 | H68: 120 | I68: ='Прил 5'!J57 -> 82.9 | J68: ='Прил 5'!K57 -> 83.4 | K68: ='Прил 5'!L57 -> 86.1
A69: Закупка товаров, работ и услуг для обеспечения государственных (муниципальных) нужд | B69: 02 | C69: 03 | D69: 89 | E69: 1 | F69: 00 | G69: 51180 | H69: 200 | I69: =I70 -> 3.9 | J69: =J70 -> 4 | K69: =K70 -> 4
A70: Иные закупки товаров, работ и услуг для обеспечения государственных (муниципальных) нужд | B70: 02 | C70: 03 | D70: 89 | E70: 1 | F70: 00 | G70: 51180 | H70: 240 | I70: ='Прил 5'!J59 -> 3.9 | J70: ='Прил 5'!K59 -> 4 | K70: ='Прил 5'!L59 -> 4
A71: Национальная экономика | B71: 04 | I71: =I72 -> 371.1 | J71: =J72 -> 395.8 | K71: =K72 -> 407.8
A72: Дорожное хозяйство (дорожные фонды) | B72: 04 | C72: 09 | I72: =I73 -> 371.1 | J72: =J73 -> 395.8 | K72: =K73 -> 407.8
A73: Непрограммные расходы главных распорядителей средств бюджета Паевского сельского поселения Кадошкинского муниципального района Республики Мордовия | B73: 04 | C73: 09 | D73: 89 | E73: 0 | I73: =I74 -> 371.1 | J73: =J75 -> 395.8 | K73: =K75 -> 407.8
A74: Непрограммные расходы в рамках обеспечения деятельности главных распорядителей средств бюджета Паевского сельского поселения Кадошкинского муниципального района Республики Мордовия | B74: 04 | C74: 09 | D74: 89 | E74: 1 | I74: =I75 -> 371.1 | J74: =J75 -> 395.8 | K74: =K75 -> 407.8
A75: Иные межбюджетные трансферты на осуществление полномочий по дорожной деятельности в отношении автомобильных дорог местного значения в границах населенных пунктов поселения и обеспечению безопасности дорожного движения на них, включая создание и обеспечение функционирования парковок (парковочных мест), осуществлению муниципального контроля за сохранностью автомобильных дорог местного значения в границах населенных пунктов поселения, организации дорожного движения, а также осуществлению иных полномочий в области использования автомобильных дорог и осуществления дорожной деятельности в соответствии с законодательством Российской Федерации | B75: 04 | C75: 09 | D75: 89 | E75: 1 | F75: 00 | G75: 44102 | I75: =I76 -> 371.1 | J75: =J76 -> 395.8 | K75: =K76 -> 407.8
A76: Закупка товаров, работ и услуг для обеспечения государственных (муниципальных) нужд | B76: 04 | C76: 09 | D76: 89 | E76: 1 | F76: 00 | G76: 44102 | H76: 200 | I76: =I77 -> 371.1 | J76: =J77 -> 395.8 | K76: =K77 -> 407.8
A77: Иные закупки товаров, работ и услуг для обеспечения государственных (муниципальных) нужд | B77: 04 | C77: 09 | D77: 89 | E77: 1 | F77: 00 | G77: 44102 | H77: 240 | I77: ='Прил 5'!J66 -> 371.1 | J77: ='Прил 5'!K66 -> 395.8 | K77: ='Прил 5'!L66 -> 407.8
A78: Жилищно-коммунальное хозяйство | B78: 05 | I78: =I79+I85 -> 157.01 | J78: =J79+J85 -> 5.4 | K78: =K79+K85 -> 5.4
A79: Коммунальное хозяйство | B79: 05 | C79: 02 | I79: =I80 -> 32.71 | J79: =J80 -> 0.4 | K79: =K80 -> 0.4
A80: Непрограммные расходы главных распорядителей средств бюджета Паевского сельского поселения Кадошкинского муниципального района Республики Мордовия | B80: 918 | C80: 05 | D80: 02 | E80: 89 | F80: 0 | I80: =I81 -> 32.71 | J80: =J81 -> 0.4 | K80: =K81 -> 0.4
A81: Непрограммные расходы в рамках обеспечения деятельности главных распорядителей средств бюджета Паевского сельского поселения Кадошкинского муниципального района Республики Мордовия | B81: 918 | C81: 05 | D81: 02 | E81: 89 | F81: 1 | I81: =I82 -> 32.71 | J81: =J82 -> 0.4 | K81: =K82 -> 0.4
A82: Иные межбюджетные трансферты на осуществление полномочий по организации в границах поселения электро-, тепло-, газо- и водоснабжения населения, водоотведения, снабжения населения топливом в пределах полномочий, установленных законодательством Российской Федерации | B82: 05 | C82: 02 | D82: 89 | E82: 1 | F82: 00 | G82: 44101 | I82: =I83 -> 32.71 | J82: =J83 -> 0.4 | K82: =K83 -> 0.4
A83: Закупка товаров, работ и услуг для обеспечения государственных (муниципальных) нужд | B83: 05 | C83: 02 | D83: 89 | E83: 1 | F83: 00 | G83: 44101 | H83: 200 | I83: =I84 -> 32.71 | J83: =J84 -> 0.4 | K83: =K84 -> 0.4
A84: Иные закупки товаров, работ и услуг для обеспечения государственных (муниципальных) нужд | B84: 05 | C84: 02 | D84: 89 | E84: 1 | F84: 00 | G84: 44101 | H84: 240 | I84: ='Прил 5'!J73 -> 32.71 | J84: ='Прил 5'!K73 -> 0.4 | K84: ='Прил 5'!L73 -> 0.4
A85: Благоустройство | B85: 05 | C85: 03 | I85: =I86 -> 124.3 | J85: =J86 -> 5 | K85: =K86 -> 5
A86: Непрограммные расходы главных распорядителей средств бюджета Паевского сельского поселения Кадошкинского муниципального района Республики Мордовия | B86: 05 | C86: 03 | D86: 89 | E86: 0 | I86: =I87 -> 124.3 | J86: =J87 -> 5 | K86: =K87 -> 5
A87: Непрограммные расходы в рамках обеспечения деятельности главных распорядителей средств бюджета Паевского сельского поселения Кадошкинского муниципального района Республики Мордовия | B87: 05 | C87: 03 | D87: 89 | E87: 1 | I87: =I88+I91 -> 124.3 | J87: =J88+J91 -> 5 | K87: =K88+K91 -> 5
A88: Уличное освещение | B88: 05 | C88: 03 | D88: 89 | E88: 1 | F88: 00 | G88: 43010 | I88: =I89 -> 35.3 | J88: =J89 -> 3 | K88: =K89 -> 3
A89: Закупка товаров, работ и услуг для обеспечения государственных (муниципальных) нужд | B89: 05 | C89: 03 | D89: 89 | E89: 1 | F89: 00 | G89: 43010 | H89: 200 | I89: =I90 -> 35.3 | J89: =J90 -> 3 | K89: =K90 -> 3
A90: Иные закупки товаров, работ и услуг для обеспечения государственных (муниципальных) нужд | B90: 05 | C90: 03 | D90: 89 | E90: 1 | F90: 00 | G90: 43010 | H90: 240 | I90: ='Прил 5'!J79 -> 35.3 | J90: ='Прил 5'!K79 -> 3 | K90: ='Прил 5'!L79 -> 3
A91: Прочие мероприятия по благоустройству | B91: 05 | C91: 03 | D91: 89 | E91: 1 | F91: 00 | G91: 43040 | I91: =I92 -> 89 | J91: =J92 -> 2 | K91: =K92 -> 2
A92: Закупка товаров, работ и услуг для обеспечения государственных (муниципальных) нужд | B92: 05 | C92: 03 | D92: 89 | E92: 1 | F92: 00 | G92: 43040 | H92: 200 | I92: =I93 -> 89 | J92: =J93 -> 2 | K92: =K93 -> 2
A93: Иные закупки товаров, работ и услуг для обеспечения государственных (муниципальных) нужд | B93: 05 | C93: 03 | D93: 89 | E93: 1 | F93: 00 | G93: 43040 | H93: 240 | I93: ='Прил 5'!J82 -> 89 | J93: ='Прил 5'!K82 -> 2 | K93: ='Прил 5'!L82 -> 2
A94: Социальная политика | B94: 10 | I94: =I95 -> 68.8 | J94: =J95 -> 47 | K94: =K95 -> 23.4
A95: Пенсионное обеспечение | B95: 10 | C95: 01 | I95: =I96 -> 68.8 | J95: =J96 -> 47 | K95: =K96 -> 23.4
A96: Непрограммные расходы главных распорядителей средств бюджета Паевского сельского поселения Кадошкинского муниципального района Республики Мордовия | B96: 10 | C96: 01 | D96: 89 | E96: 0 | I96: =I97 -> 68.8 | J96: =J97 -> 47 | K96: =K97 -> 23.4
A97: Непрограммные расходы в рамках обеспечения деятельности главных распорядителей средств бюджета Паевского сельского поселения Кадошкинского муниципального района Республики Мордовия | B97: 10 | C97: 01 | D97: 89 | E97: 1 | I97: =I98 -> 68.8 | J97: =J98 -> 47 | K97: =K98 -> 23.4
A98: Доплаты к пенсиям муниципальных служащих Республики Мордовия | B98: 10 | C98: 01 | D98: 89 | E98: 1 | F98: 00 | G98: 03010 | I98: =I99 -> 68.8 | J98: =J99 -> 47 | K98: =K99 -> 23.4
A99: Социальное обеспечение и иные выплаты населению | B99: 10 | C99: 01 | D99: 89 | E99: 1 | F99: 00 | G99: 03010 | H99: 300 | I99: =I100 -> 68.8 | J99: =J100 -> 47 | K99: =K100 -> 23.4
A100: Публичные нормативные социальные выплаты гражданам | B100: 10 | C100: 01 | D100: 89 | E100: 1 | F100: 00 | G100: 03010 | H100: 310 | I100: ='Прил 5'!J89 -> 68.8 | J100: ='Прил 5'!K89 -> 47 | K100: ='Прил 5'!L89 -> 23.4
A101: Обслуживание государственного и муниципального долга | B101: 13 | I101: =I102 -> 1.7 | J101: =J102 -> 1.7 | K101: =K102 -> 1.7
...

Sheet Прил 5
H1: Приложение 5
G2: к решению сессии Совета депутатов Паевскго сельского поселения "О бюджете Паевского сельского поселения Кадошкинского муниципального района Республики Мордовия на 2021 год и на плановый период 2022 и 2023 годов"
A4: ВЕДОМСТВЕННАЯ СТРУКТУРА РАСХОДОВ БЮДЖЕТА ПАЕВСКОГО СЕЛЬСКОГО ПОСЕЛЕНИЯ КАДОШКИНСКОГО МУНИЦИПАЛЬНОГО РАЙОНА РЕСПУБЛИКИ МОРДОВИЯ НА 2021 ГОД И НА ПЛАНОВЫЙ ПЕРИОД 2022 И 2023 ГОДОВ
A6: Наименование | B6: Адм | C6: Рз | D6: ПРз | E6: ЦСР | I6: ВР | J6: Сумма (тыс. рублей)
J7: 2021 год | K7: 2022 год | L7: 2023 год
A8: 1 | B8: 2 | C8: 3 | D8: 4 | E8: 5 | F8: 6 | G8: 7 | H8: 8 | I8: 9 | J8: 10 | K8: 11 | L8: 12
A9: ВСЕГО | J9: =J10 -> 1584.11 | K9: =K10 -> 1053.8 | L9: =L10 -> 1098.2
A10: Администрация Паевского сельского поселения Кадошкинского муниципального района Республики Мордовия | B10: 918 | J10: =J11+J51+J60+J67+J83+J90 -> 1584.11 | K10: =K11+K51+K60+K67+K83+K90+K97 -> 1053.8 | L10: =L11+L51+L60+L67+L83+L90+L97 -> 1098.2
A11: Общегосударственные вопросы | B11: 918 | C11: 01 | J11: =J12+J21+J45 -> 898.7 | K11: =K12+K21+K45 -> 492.3 | L11: =L12+L21+L45 -> 519.4
A12: Функционирование высшего должностного лица субъекта Российской Федерации и муниципального образования | B12: 918 | C12: 01 | D12: 02 | J12: =J13 -> 323.8 | K12: =K13 -> 134.5 | L12: =L13 -> 134.3
A13: Обеспечение деятельности администрации | B13: 918 | C13: 01 | D13: 02 | E13: 65 | J13: =J14 -> 323.8 | K13: =K14 -> 134.5 | L13: =L14 -> 134.3
A14: Высшее должностное лицо | B14: 918 | C14: 01 | D14: 02 | E14: 65 | F14: 1 | J14: =J15+J18 -> 323.8 | K14: =K15+K18 -> 134.5 | L14: =L15+L18 -> 134.3
A15: Расходы на выплаты по оплате труда высшего должностного лица | B15: 918 | C15: 01 | D15: 02 | E15: 65 | F15: 1 | G15: 00 | H15: 41150 | J15: =J16 -> 233.2 | K15: =K16 -> 134.5 | L15: =L16 -> 134.3
A16: Расходы на выплаты персоналу в целях обеспечения выполнения функций государственными (муниципальными) органами, казенными учреждениями, органами управления государственными внебюджетными фондами | B16: 918 | C16: 01 | D16: 02 | E16: 65 | F16: 1 | G16: 00 | H16: 41150 | I16: 100 | J16: =J17 -> 233.2 | K16: =K17 -> 134.5 | L16: =L17 -> 134.3
A17: Расходы на выплаты персоналу государственных (муниципальных) органов | B17: 918 | C17: 01 | D17: 02 | E17: 65 | F17: 1 | G17: 00 | H17: 41150 | I17: 120 | J17: 233.2 | K17: 134.5 | L17: 134.3
A18: Субсидии на софинансирование расходных обязательств по финансовому обеспечению деятельности органов местного самоуправления и муниципальных учреждений | B18: 918 | C18: 01 | D18: 02 | E18: 65 | F18: 1 | G18: 00 | H18: 44205 | J18: =J19 -> 90.6 | K18: =K19 -> 0 | L18: =L19 -> 0
A19: Расходы на выплаты персоналу в целях обеспечения выполнения функций государственными (муниципальными) органами, казенными учреждениями, органами управления государственными внебюджетными фондами | B19: 918 | C19: 01 | D19: 02 | E19: 65 | F19: 1 | G19: 00 | H19: 44205 | I19: 100 | J19: =J20 -> 90.6 | K19: =K20 -> 0 | L19: =L20 -> 0
A20: Расходы на выплаты персоналу государственных (муниципальных) органов | B20: 918 | C20: 01 | D20: 02 | E20: 65 | F20: 1 | G20: 00 | H20: 44205 | I20: 120 | J20: 90.6 | K20: 0 | L20: 0
A21: Функционирование Правительства Российской Федерации, высших органов исполнительной власти субъектов Российской Федерации, местных администраций | B21: 918 | C21: 01 | D21: 04 | J21: =J22+J40 -> 573.9 | K21: =K22+K40 -> 356.8 | L21: =L22+L40 -> 384.1
A22: Обеспечение деятельности администрации | B22: 918 | C22: 01 | D22: 04 | E22: 65 | J22: =J23 -> 573.8 | K22: =K23 -> 356.7 | L22: =L23 -> 384
A23: Непрограммные расходы в рамках обеспечения деятельности администрации | B23: 918 | C23: 01 | D23: 04 | E23: 65 | F23: 2 | J23: =J25+J27+J33 -> 573.8 | K23: =K25+K27+K33 -> 356.7 | L23: =L25+L27+L33 -> 384
A24: Расходы на выплаты по оплате труда работников органов местного самоуправления | B24: 918 | C24: 01 | D24: 04 | E24: 65 | F24: 2 | G24: 00 | H24: 41110 | J24: =J25 -> 363.3 | K24: =K25 -> 317.6 | L24: =L25 -> 288
A25: Расходы на выплаты персоналу в целях обеспечения выполнения функций государственными (муниципальными) органами, казенными учреждениями, органами управления государственными внебюджетными фондами | B25: 918 | C25: 01 | D25: 04 | E25: 65 | F25: 2 | G25: 00 | H25: 41110 | I25: 100 | J25: =J26 -> 363.3 | K25: =K26 -> 317.6 | L25: =L26 -> 288
A26: Расходы на выплаты персоналу государственных (муниципальных) органов | B26: 918 | C26: 01 | D26: 04 | E26: 65 | F26: 2 | G26: 00 | H26: 41110 | I26: 120 | J26: 363.3 | K26: 317.6 | L26: 288
A27: Расходы на обеспечение функций органов местного самоуправленя | B27: 918 | C27: 01 | D27: 04 | E27: 65 | F27: 2 | G27: 00 | H27: 41120 | J27: =J28+J30 -> 71.1 | K27: =K28+K30 -> 39.1 | L27: =L28+L30 -> 96
A28: Закупка товаров, работ и услуг для обеспечения государственных (муниципальных) нужд | B28: 918 | C28: 01 | D28: 04 | E28: 65 | F28: 2 | G28: 00 | H28: 41120 | I28: 200 | J28: =J29 -> 63.5 | K28: =K29 -> 13.3 | L28: =L29 -> 70.2
A29: Иные закупки товаров, работ и услуг для обеспечения государственных (муниципальных) нужд | B29: 918 | C29: 01 | D29: 04 | E29: 65 | F29: 2 | G29: 00 | H29: 41120 | I29: 240 | J29: 63.5 | K29: 13.3 | L29: 70.2
A30: Иные бюджетные ассигнования | B30: 918 | C30: 01 | D30: 04 | E30: 65 | F30: 2 | G30: 00 | H30: 41120 | I30: 800 | J30: =J32+J31 -> 7.6 | K30: =K32+K31 -> 25.8 | L30: =L32+L31 -> 25.8
A31: Исполнение судебных актов | B31: 918 | C31: 01 | D31: 04 | E31: 65 | F31: 2 | G31: 00 | H31: 41120 | I31: 830 | J31: 2 | K31: 0 | L31: 0
A32: Уплата налогов, сборов и иных платежей | B32: 918 | C32: 01 | D32: 04 | E32: 65 | F32: 2 | G32: 00 | H32: 41120 | I32: 850 | J32: 5.6 | K32: 25.8 | L32: 25.8
A33: Субсидии на софинансирование расходных обязательств по финансовому обеспечению деятельности органов местного самоуправления и муниципальных учреждений | B33: 918 | C33: 01 | D33: 04 | E33: 65 | F33: 2 | G33: 00 | H33: 44205 | J33: =J34+J36+J38 -> 139.4 | K33: =K34+K36+K38 -> 0 | L33: =L34+L36+L38 -> 0
A34: Расходы на выплаты персоналу в целях обеспечения выполнения функций государственными (муниципальными) органами, казенными учреждениями, органами управления государственными внебюджетными фондами | B34: 918 | C34: 01 | D34: 04 | E34: 65 | F34: 2 | G34: 00 | H34: 44205 | I34: 100 | J34: =J35 -> 93 | K34: =K35 -> 0 | L34: =L35 -> 0
A35: Расходы на выплаты персоналу государственных (муниципальных) органов | B35: 918 | C35: 01 | D35: 04 | E35: 65 | F35: 2 | G35: 00 | H35: 44205 | I35: 120 | J35: 93 | K35: 0 | L35: 0
A36: Закупка товаров, работ и услуг для обеспечения государственных (муниципальных) нужд | B36: 918 | C36: 01 | D36: 04 | E36: 65 | F36: 2 | G36: 00 | H36: 44205 | I36: 200 | J36: =J37 -> 32.8 | K36: =K37 -> 0 | L36: =L37 -> 0
A37: Иные закупки товаров, работ и услуг для обеспечения государственных (муниципальных) нужд | B37: 918 | C37: 01 | D37: 04 | E37: 65 | F37: 2 | G37: 00 | H37: 44205 | I37: 240 | J37: 32.8 | K37: 0 | L37: 0
A38: Иные бюджетные ассигнования | B38: 918 | C38: 01 | D38: 04 | E38: 65 | F38: 2 | G38: 00 | H38: 44205 | I38: 800 | J38: =J39 -> 13.6 | K38: =K39 -> 0 | L38: =L39 -> 0
A39: Уплата налогов, сборов и иных платежей | B39: 918 | C39: 01 | D39: 04 | E39: 65 | F39: 2 | G39: 00 | H39: 44205 | I39: 850 | J39: 13.6 | K39: 0 | L39: 0
A40: Непрограммные расходы главных распорядителей средств бюджета Паевского сельского поселения Кадошкинского муниципального района Республики Мордовия | B40: 918 | C40: 01 | D40: 04 | E40: 89 | J40: =J41 -> 0.1 | K40: =K41 -> 0.1 | L40: =L41 -> 0.1
A41: Непрограммные расходы в рамках обеспечения деятельности главных распорядителей средств бюджета Паевского сельского поселения Кадошкинского муниципального района Республики Мордовия | B41: 918 | C41: 01 | D41: 04 | E41: 89 | F41: 1 | J41: =J42 -> 0.1 | K41: =K42 -> 0.1 | L41: =L42 -> 0.1
A42: Осуществление государственных полномочий Республики Мордовия по определению перечня должностных лиц, уполномоченных составлять протоколы об административных правонарушениях, предусмотренных Законом Республики Мордовия от 15 июня 2015 года № 38-З "Об административной ответственности на территории Республики Мордовия" | B42: 918 | C42: 01 | D42: 04 | E42: 89 | F42: 1 | G42: 00 | H42: 77150 | J42: =J43 -> 0.1 | K42: =K43 -> 0.1 | L42: =L43 -> 0.1
A43: Закупка товаров, работ и услуг для обеспечения государственных (муниципальных) нужд | B43: 918 | C43: 01 | D43: 04 | E43: 89 | F43: 1 | G43: 00 | H43: 77150 | I43: 200 | J43: =J44 -> 0.1 | K43: =K44 -> 0.1 | L43: =L44 -> 0.1
A44: Иные закупки товаров, работ и услуг для обеспечения государственных (муниципальных) нужд | B44: 918 | C44: 01 | D44: 04 | E44: 89 | F44: 1 | G44: 00 | H44: 77150 | I44: 240 | J44: 0.1 | K44: 0.1 | L44: 0.1
A45: Резервные фонды | B45: 918 | C45: 01 | D45: 11 | J45: =J46 -> 1 | K45: =K46 -> 1 | L45: =L46 -> 1
A46: Непрограммные расходы главных распорядителей средств бюджета Паевского сельского поселения Кадошкинского муниципального района Республики Мордовия | B46: 918 | C46: 01 | D46: 11 | E46: 89 | J46: =J47 -> 1 | K46: =K47 -> 1 | L46: =L47 -> 1
A47: Непрограммные расходы в рамках обеспечения деятельности главных распорядителей средств бюджета Паевского сельского поселения Кадошкинского муниципального района Республики Мордовия | B47: 918 | C47: 01 | D47: 11 | E47: 89 | F47: 1 | J47: =J48 -> 1 | K47: =K48 -> 1 | L47: =L48 -> 1
A48: Резервный фонд администрации Паевского сельского поселения Кадошкинского муниципального района Республики Мордовия | B48: 918 | C48: 01 | D48: 11 | E48: 89 | F48: 1 | G48: 00 | H48: 41180 | J48: =J49 -> 1 | K48: =K49 -> 1 | L48: =L49 -> 1
A49: Иные бюджетные ассигнования | B49: 918 | C49: 01 | D49: 11 | E49: 89 | F49: 1 | G49: 00 | H49: 41180 | I49: 800 | J49: =J50 -> 1 | K49: =K50 -> 1 | L49: =L50 -> 1
A50: Резервные средства | B50: 918 | C50: 01 | D50: 11 | E50: 89 | F50: 1 | G50: 00 | H50: 41180 | I50: 870 | J50: 1 | K50: 1 | L50: 1
A51: Национальная оборона | B51: 918 | C51: 02 | J51: =J52 -> 86.8 | K51: =K52 -> 87.4 | L51: =L52 -> 90.1
A52: Мобилизационная и вневойсковая подготовка | B52: 918 | C52: 02 | D52: 03 | J52: =J55 -> 86.8 | K52: =K55 -> 87.4 | L52: =L55 -> 90.1
A53: Непрограммные расходы главных распорядителей средств бюджета Паевского сельского поселения Кадошкинского муниципального района Республики Мордовия | B53: 918 | C53: 02 | D53: 03 | E53: 89 | J53: =J54 -> 86.8 | K53: =K54 -> 87.4 | L53: =L54 -> 90.1
A54: Непрограммные расходы в рамках обеспечения деятельности главных распорядителей средств бюджета Паевского сельского поселения Кадошкинского муниципального района Республики Мордовия | B54: 918 | C54: 02 | D54: 03 | E54: 89 | F54: 1 | J54: =J55 -> 86.8 | K54: =K55 -> 87.4 | L54: =L55 -> 90.1
A55: Осуществление государственных полномочий Российской Федерации о первичному воинскому учету на территориях, где отсутствуют военные комиссариаты | B55: 918 | C55: 02 | D55: 03 | E55: 89 | F55: 1 | G55: 00 | H55: 51180 | J55: =J56+J58 -> 86.8 | K55: =K56+K58 -> 87.4 | L55: =L56+L58 -> 90.1
A56: Расходы на выплаты персоналу в целях обеспечения выполнения функций государственными (муниципальными) органами, казенными учреждениями, органами управления государственными внебюджетными фондами | B56: 918 | C56: 02 | D56: 03 | E56: 89 | F56: 1 | G56: 00 | H56: 51180 | I56: 100 | J56: =J57 -> 82.9 | K56: =K57 -> 83.4 | L56: =L57 -> 86.1
A57: Расходы на выплаты персоналу государственных (муниципальных) органов | B57: 918 | C57: 02 | D57: 03 | E57: 89 | F57: 1 | G57: 00 | H57: 51180 | I57: 120 | J57: 82.9 | K57: 83.4 | L57: 86.1
A58: Закупка товаров, работ и услуг для обеспечения государственных (муниципальных) нужд | B58: 918 | C58: 02 | D58: 03 | E58: 89 | F58: 1 | G58: 00 | H58: 51180 | I58: 200 | J58: =J59 -> 3.9 | K58: =K59 -> 4 | L58: =L59 -> 4
A59: Иные закупки товаров, работ и услуг для обеспечения государственных (муниципальных) нужд | B59: 918 | C59: 02 | D59: 03 | E59: 89 | F59: 1 | G59: 00 | H59: 51180 | I59: 240 | J59: 3.9 | K59: 4 | L59: 4
A60: Национальная экономика | B60: 918 | C60: 04 | J60: =J61 -> 371.1 | K60: =K61 -> 395.8 | L60: =L61 -> 407.8
A61: Дорожное хозяйство (дорожные фонды) | B61: 918 | C61: 04 | D61: 09 | J61: =J62 -> 371.1 | K61: =K62 -> 395.8 | L61: =L62 -> 407.8
A62: Непрограммные расходы главных распорядителей средств бюджета Паевского сельского поселения Кадошкинского муниципального района Республики Мордовия | B62: 918 | C62: 04 | D62: 09 | E62: 89 | J62: =J64 -> 371.1 | K62: =K64 -> 395.8 | L62: =L64 -> 407.8
A63: Непрограммные расходы в рамках обеспечения деятельности главных распорядителей средств бюджета Паевского сельского поселения Кадошкинского муниципального района Республики Мордовия | B63: 918 | C63: 04 | D63: 09 | E63: 89 | F63: 1 | J63: =J64 -> 371.1 | K63: =K64 -> 395.8 | L63: =L64 -> 407.8
A64: Иные межбюджетные трансферты на осуществление полномочий по дорожной деятельности в отношении автомобильных дорог местного значения в границах населенных пунктов поселения и обеспечению безопасности дорожного движения на них, включая создание и обеспечение функционирования парковок (парковочных мест), осуществлению муниципального контроля за сохранностью автомобильных дорог местного значения в границах населенных пунктов поселения, организации дорожного движения, а также осуществлению иных полномочий в области использования автомобильных дорог и осуществления дорожной деятельности в соответствии с законодательством Российской Федерации | B64: 918 | C64: 04 | D64: 09 | E64: 89 | F64: 1 | G64: 00 | H64: 44102 | J64: =J65 -> 371.1 | K64: =K65 -> 395.8 | L64: =L65 -> 407.8
A65: Закупка товаров, работ и услуг для обеспечения государственных (муниципальных) нужд | B65: 918 | C65: 04 | D65: 09 | E65: 89 | F65: 1 | G65: 00 | H65: 44102 | I65: 200 | J65: =J66 -> 371.1 | K65: =K66 -> 395.8 | L65: =L66 -> 407.8
A66: Иные закупки товаров, работ и услуг для обеспечения государственных (муниципальных) нужд | B66: 918 | C66: 04 | D66: 09 | E66: 89 | F66: 1 | G66: 00 | H66: 44102 | I66: 240 | J66: 371.1 | K66: 395.8 | L66: 407.8
A67: Жилищно-коммунальное хозяйство | B67: 918 | C67: 05 | J67: =J68+J74 -> 157.01 | K67: =K68+K74 -> 5.4 | L67: =L68+L74 -> 5.4
A68: Коммунальное хозяйство | B68: 918 | C68: 05 | D68: 02 | J68: =J69 -> 32.71 | K68: =K69 -> 0.4 | L68: =L69 -> 0.4
A69: Непрограммные расходы главных распорядителей средств бюджета Паевского сельского поселения Кадошкинского муниципального района Республики Мордовия | B69: 918 | C69: 05 | D69: 02 | E69: 89 | J69: =J70 -> 32.71 | K69: =K70 -> 0.4 | L69: =L70 -> 0.4
A70: Непрограммные расходы в рамках обеспечения деятельности главных распорядителей средств бюджета Паевского сельского поселения Кадошкинского муниципального района Республики Мордовия | B70: 918 | C70: 05 | D70: 02 | E70: 89 | F70: 1 | J70: =J71 -> 32.71 | K70: =K71 -> 0.4 | L70: =L71 -> 0.4
A71: Иные межбюджетные трансферты на осуществление полномочий по организации в границах поселения электро-, тепло-, газо- и водоснабжения населения, водоотведения, снабжения населения топливом в пределах полномочий, установленных законодательством Российской Федерации | B71: 918 | C71: 05 | D71: 02 | E71: 89 | F71: 1 | G71: 00 | H71: 44101 | J71: =J72 -> 32.71 | K71: =K72 -> 0.4 | L71: =L72 -> 0.4
A72: Закупка товаров, работ и услуг для обеспечения государственных (муниципальных) нужд | B72: 918 | C72: 05 | D72: 02 | E72: 89 | F72: 1 | G72: 00 | H72: 44101 | I72: 200 | J72: =J73 -> 32.71 | K72: =K73 -> 0.4 | L72: =L73 -> 0.4
A73: Иные закупки товаров, работ и услуг для обеспечения государственных (муниципальных) нужд | B73: 918 | C73: 05 | D73: 02 | E73: 89 | F73: 1 | G73: 00 | H73: 44101 | I73: 240 | J73: =0.4+25+7.31 -> 32.71 | K73: 0.4 | L73: 0.4 | M73: 25
A74: Благоустройство | B74: 918 | C74: 05 | D74: 03 | J74: =J75 -> 124.3 | K74: =K75 -> 5 | L74: =L75 -> 5
A75: Непрограммные расходы главных распорядителей средств бюджета Паевского сельского поселения Кадошкинского муниципального района Республики Мордовия | B75: 918 | C75: 05 | D75: 03 | E75: 89 | J75: =J76 -> 124.3 | K75: =K76 -> 5 | L75: =L76 -> 5
A76: Непрограммные расходы в рамках обеспечения деятельности главных распорядителей средств бюджета Паевского сельского поселения Кадошкинского муниципального района Республики Мордовия | B76: 918 | C76: 05 | D76: 03 | E76: 89 | F76: 1 | J76: =J77+J80 -> 124.3 | K76: =K77+K80 -> 5 | L76: =L77+L80 -> 5
A77: Уличное освещение | B77: 918 | C77: 05 | D77: 03 | E77: 89 | F77: 1 | G77: 00 | H77: 43010 | J77: =J78 -> 35.3 | K77: =K78 -> 3 | L77: =L78 -> 3
A78: Закупка товаров, работ и услуг для обеспечения государственных (муниципальных) нужд | B78: 918 | C78: 05 | D78: 03 | E78: 89 | F78: 1 | G78: 00 | H78: 43010 | I78: 200 | J78: =J79 -> 35.3 | K78: =K79 -> 3 | L78: =L79 -> 3
A79: Иные закупки товаров, работ и услуг для обеспечения государственных (муниципальных) нужд | B79: 918 | C79: 05 | D79: 03 | E79: 89 | F79: 1 | G79: 00 | H79: 43010 | I79: 240 | J79: 35.3 | K79: 3 | L79: 3
A80: Прочие мероприятия по благоустройству | B80: 918 | C80: 05 | D80: 03 | E80: 89 | F80: 1 | G80: 00 | H80: 43040 | J80: =J81 -> 89 | K80: =K81 -> 2 | L80: =L81 -> 2
A81: Закупка товаров, работ и услуг для обеспечения государственных (муниципальных) нужд | B81: 918 | C81: 05 | D81: 03 | E81: 89 | F81: 1 | G81: 00 | H81: 43040 | I81: 200 | J81: =J82 -> 89 | K81: =K82 -> 2 | L81: =L82 -> 2
A82: Иные закупки товаров, работ и услуг для обеспечения государственных (муниципальных) нужд | B82: 918 | C82: 05 | D82: 03 | E82: 89 | F82: 1 | G82: 00 | H82: 43040 | I82: 240 | J82: 89 | K82: =2 -> 2 | L82: =2 -> 2
A83: Социальная политика | B83: 918 | C83: 10 | J83: =J84 -> 68.8 | K83: =K84 -> 47 | L83: =L84 -> 23.4
A84: Пенсионное обеспечение | B84: 918 | C84: 10 | D84: 01 | J84: =J85 -> 68.8 | K84: =K85 -> 47 | L84: =L85 -> 23.4
A85: Непрограммные расходы главных распорядителей средств бюджета Паевского сельского поселения Кадошкинского муниципального района Республики Мордовия | B85: 918 | C85: 10 | D85: 01 | E85: 89 | J85: =J86 -> 68.8 | K85: =K86 -> 47 | L85: =L86 -> 23.4
A86: Непрограммные расходы в рамках обеспечения деятельности главных распорядителей средств бюджета Паевского сельского поселения Кадошкинского муниципального района Республики Мордовия | B86: 918 | C86: 10 | D86: 01 | E86: 89 | F86: 1 | J86: =J87 -> 68.8 | K86: =K87 -> 47 | L86: =L87 -> 23.4
A87: Доплаты к пенсиям муниципальных служащих Республики Мордовия | B87: 918 | C87: 10 | D87: 01 | E87: 89 | F87: 1 | G87: 00 | H87: 03010 | J87: =J88 -> 68.8 | K87: =K88 -> 47 | L87: =L88 -> 23.4
A88: Социальное обеспечение и иные выплаты населению | B88: 918 | C88: 10 | D88: 01 | E88: 89 | F88: 1 | G88: 00 | H88: 03010 | I88: 300 | J88: =J89 -> 68.8 | K88: =K89 -> 47 | L88: =L89 -> 23.4
A89: Публичные нормативные социальные выплаты гражданам | B89: 918 | C89: 10 | D89: 01 | E89: 89 | F89: 1 | G89: 00 | H89: 03010 | I89: 310 | J89: 68.8 | K89: =71.2-K103 -> 47 | L89: =73.8-L103 -> 23.4
A90: Обслуживание государственного и муниципального долга | B90: 918 | C90: 13 | J90: =J91 -> 1.7 | K90: =K91 -> 1.7 | L90: =L91 -> 1.7
A91: Обслуживание государственного внутреннего и муниципального долга | B91: 918 | C91: 13 | D91: 01 | J91: =J92 -> 1.7 | K91: =K92 -> 1.7 | L91: =L92 -> 1.7
A92: Непрограммные расходы главных распорядителей средств бюджета Паевского сельского поселения Кадошкинского муниципального района Республики Мордовия | B92: 918 | C92: 13 | D92: 01 | E92: 89 | J92: =J93 -> 1.7 | K92: =K93 -> 1.7 | L92: =L93 -> 1.7
A93: Непрограммные расходы в рамках обеспечения деятельности главных распорядителей средств бюджета Паевского сельского поселения Кадошкинского муниципального района Республики Мордовия | B93: 918 | C93: 13 | D93: 01 | E93: 89 | F93: 1 | J93: =J94 -> 1.7 | K93: =K94 -> 1.7 | L93: =L94 -> 1.7
A94: Процентные платежи по муниципальному долгу | B94: 918 | C94: 13 | D94: 01 | E94: 89 | F94: 1 | G94: 00 | H94: 41240 | J94: =J95 -> 1.7 | K94: =K95 -> 1.7 | L94: =L95 -> 1.7
A95: Обслуживание государственного (муниципального) долга | B95: 918 | C95: 13 | D95: 01 | E95: 89 | F95: 1 | G95: 00 | H95: 41240 | I95: 700 | J95: =J96 -> 1.7 | K95: =K96 -> 1.7 | L95: =L96 -> 1.7
A96: Обслуживание муниципального долга | B96: 918 | C96: 13 | D96: 01 | E96: 89 | F96: 1 | G96: 00 | H96: 41240 | I96: 730 | J96: 1.7 | K96: 1.7 | L96: 1.7
A97: Условно утверждаемые расходы | B97: 918 | C97: 99 | K97: =K98 -> 24.2 | L97: =L98 -> 50.4
A98: Условно утверждаемые расходы | B98: 918 | C98: 99 | D98: 99 | K98: =K99 -> 24.2 | L98: =L99 -> 50.4
A99: Непрограммные расходы главных распорядителей средств бюджета Паевского сельского поселения Кадошкинского муниципального района Республики Мордовия | B99: 918 | C99: 99 | D99: 99 | E99: 89 | F99: 0 | K99: =K100 -> 24.2 | L99: =L100 -> 50.4
A100: Непрограммные расходы в рамках обеспечения деятельности главных распорядителей средств бюджета Паевского сельского поселения Кадошкинского муниципального района Республики Мордовия | B100: 918 | C100: 99 | D100: 99 | E100: 89 | F100: 1 | K100: =K101 -> 24.2 | L100: =L101 -> 50.4
A101: Условно утверждаемые расходы | B101: 918 | C101: 99 | D101: 99 | E101: 89 | F101: 1 | G101: 00 | H101: 41990 | K101: =K103 -> 24.2 | L101: =L103 -> 50.4
A102: Иные бюджетные ассигнования | B102: 918 | C102: 99 | D102: 99 | E102: 89 | F102: 1 | G102: 00 | H102: 41990 | I102: 800 | K102: =K103 -> 24.2 | L102: =L103 -> 50.4
...

Sheet Прил 6
I1: Приложение 6
H2: к решению сессии Совета депутатов Паевскго сельского поселения "О бюджете Паевского сельского поселения Кадошкинского муниципального района Республики Мордовия на 2021 год и на плановый период 2022 и 2023 годов"
A4: РАСПРЕДЕЛЕНИЕ БЮДЖЕТНЫХ АССИГНОВАНИЙ БЮДЖЕТА ПАЕВСКОГО СЕЛЬСКОГО ПОСЕЛЕНИЯ КАДОШКИНСКОГО МУНИЦИПАЛЬНОГО РАЙОНА РЕСПУБЛИКИ МОРДОВИЯ ПО ЦЕЛЕВЫМ СТАТЬЯМ, ГРУППАМ (ГРУППАМ И ПОДГРУППАМ) ВИДОВ РАСХОДОВ КЛАССИФИКАЦИИ РАСХОДОВ БЮДЖЕТОВ, А ТАКЖЕ ПО РАЗДЕЛАМ И ПОДРАЗДЕЛАМ КЛАССИФИКАЦИИ РАСХОДОВ БЮДЖЕТОВ НА 2021 ГОД И НА ПЛАНОВЫЙ ПЕРИОД 2022 И 2023 ГОДОВ
A6: Наименование | B6: ЦСР | F6: ВР | G6: Рз | H6: ПРз | I6: Адм | J6: Сумма (тыс. рублей)
J7: 2021 год | K7: 2022 год | L7: 2023 год
A8: 1 | B8: 2 | C8: 3 | D8: 4 | E8: 5 | F8: 6 | G8: 7 | H8: 8 | I8: 9 | J8: 10 | K8: 11 | L8: 12
A9: ВСЕГО | J9: =J10+J61 -> 1584.11 | K9: =K10+K61+K81 -> 1053.8 | L9: =L10+L61+L81 -> 1098.2
A10: Обеспечение деятельности администрации | B10: 65 | J10: =J11+J24 -> 897.6 | K10: =K11+K24 -> 491.2 | L10: =L11+L24 -> 518.3
A11: Высшее должностное лицо | B11: 65 | C11: 1 | J11: =J12+J18 -> 323.8 | K11: =K12+K18 -> 134.5 | L11: =L12+L18 -> 134.3
A12: Расходы на выплаты по оплате труда высшего должностного лица муниципального образования | B12: 65 | C12: 1 | D12: 00 | E12: 41150 | J12: =J15 -> 233.2 | K12: =K15 -> 134.5 | L12: =L15 -> 134.3
A13: Расходы на выплаты персоналу в целях обеспечения выполнения функций государственными (муниципальными) органами, казенными учреждениями, органами управления государственными внебюджетными фондами | B13: 65 | C13: 1 | D13: 00 | E13: 41150 | F13: 100 | J13: =J14 -> 233.2 | K13: =K14 -> 134.5 | L13: =L14 -> 134.3
A14: Расходы на выплаты персоналу государственных (муниципальных) органов | B14: 65 | C14: 1 | D14: 00 | E14: 41150 | F14: 120 | J14: =J15 -> 233.2 | K14: =K15 -> 134.5 | L14: =L15 -> 134.3
A15: Общегосударственные вопросы | B15: 65 | C15: 1 | D15: 00 | E15: 41150 | F15: 120 | G15: 01 | J15: =J16 -> 233.2 | K15: =K16 -> 134.5 | L15: =L16 -> 134.3
A16: Функционирование высшего должностного лица субъекта Российской Федерации и муниципального образования | B16: 65 | C16: 1 | D16: 00 | E16: 41150 | F16: 120 | G16: 01 | H16: 02 | J16: =J17 -> 233.2 | K16: =K17 -> 134.5 | L16: =L17 -> 134.3
A17: Администрация Паевского сельского поселения Кадошкинского муниципального района Республики Мордовия | B17: 65 | C17: 1 | D17: 00 | E17: 41150 | F17: 120 | G17: 01 | H17: 02 | I17: 918 | J17: ='Прил 5'!J17 -> 233.2 | K17: ='Прил 5'!K17 -> 134.5 | L17: ='Прил 5'!L17 -> 134.3
A18: Субсидии на софинансирование расходных обязательств по финансовому обеспечению деятельности органов местного самоуправления и муниципальных учреждений | B18: 65 | C18: 1 | D18: 00 | E18: 44205 | J18: =J19 -> 90.6 | K18: =K19 -> 0 | L18: =L19 -> 0
A19: Расходы на выплаты персоналу в целях обеспечения выполнения функций государственными (муниципальными) органами, казенными учреждениями, органами управления государственными внебюджетными фондами | B19: 65 | C19: 1 | D19: 00 | E19: 44205 | F19: 100 | J19: =J20 -> 90.6 | K19: =K20 -> 0 | L19: =L20 -> 0
A20: Расходы на выплаты персоналу государственных (муниципальных) органов | B20: 65 | C20: 1 | D20: 00 | E20: 44205 | F20: 120 | J20: =J21 -> 90.6 | K20: =K21 -> 0 | L20: =L21 -> 0
A21: Общегосударственные вопросы | B21: 65 | C21: 1 | D21: 00 | E21: 44205 | F21: 120 | G21: 01 | J21: =J22 -> 90.6 | K21: =K22 -> 0 | L21: =L22 -> 0
A22: Функционирование высшего должностного лица субъекта Российской Федерации и муниципального образования | B22: 65 | C22: 1 | D22: 00 | E22: 44205 | F22: 120 | G22: 01 | H22: 02 | J22: =J23 -> 90.6 | K22: =K23 -> 0 | L22: =L23 -> 0
A23: Администрация Паевского сельского поселения Кадошкинского муниципального района Республики Мордовия | B23: 65 | C23: 1 | D23: 00 | E23: 44205 | F23: 120 | G23: 01 | H23: 02 | I23: 918 | J23: ='Прил 5'!J20 -> 90.6 | K23: ='Прил 5'!K20 -> 0 | L23: ='Прил 5'!L20 -> 0
A24: Непрограммные расходы в рамках обеспечения деятельности администрации | B24: 65 | C24: 2 | J24: =J25+J31+J46 -> 573.8 | K24: =K25+K31+K46 -> 356.7 | L24: =L25+L31+L46 -> 384
A25: Расходы на выплаты по оплате труда работников органов местного самоуправления | B25: 65 | C25: 2 | D25: 00 | E25: 41110 | J25: =J26 -> 363.3 | K25: =K28 -> 317.6 | L25: =L28 -> 288
A26: Расходы на выплаты персоналу в целях обеспечения выполнения функций государственными (муниципальными) органами, казенными учреждениями, органами управления государственными внебюджетными фондами | B26: 65 | C26: 2 | D26: 00 | E26: 41110 | F26: 100 | J26: =J27 -> 363.3 | K26: =K27 -> 317.6 | L26: =L27 -> 288
A27: Расходы на выплаты персоналу государственных (муниципальных) органов | B27: 65 | C27: 2 | D27: 00 | E27: 41110 | F27: 120 | J27: =J28 -> 363.3 | K27: =K28 -> 317.6 | L27: =L28 -> 288
A28: Общегосударственные вопросы | B28: 65 | C28: 2 | D28: 00 | E28: 41110 | F28: 120 | G28: 01 | J28: =J29 -> 363.3 | K28: =K29 -> 317.6 | L28: =L29 -> 288
A29: Функционирование Правительства Российской Федерации, высших органов исполнительной власти субъектов Российской Федерации, местных администраций | B29: 65 | C29: 2 | D29: 00 | E29: 41110 | F29: 120 | G29: 01 | H29: 04 | J29: =J30 -> 363.3 | K29: =K30 -> 317.6 | L29: =L30 -> 288
A30: Администрация Паевского сельского поселения Кадошкинского муниципального района Республики Мордовия | B30: 65 | C30: 2 | D30: 00 | E30: 41110 | F30: 120 | G30: 01 | H30: 04 | I30: 918 | J30: ='Прил 5'!J26 -> 363.3 | K30: ='Прил 5'!K26 -> 317.6 | L30: ='Прил 5'!L26 -> 288
A31: Расходы на обеспечение функций органов местного самоуправленя | B31: 65 | C31: 2 | D31: 00 | E31: 41120 | J31: =J34+J37 -> 71.1 | K31: =K34+K37 -> 39.1 | L31: =L34+L37 -> 96
A32: Закупка товаров, работ и услуг для обеспечения государственных (муниципальных) нужд | B32: 65 | C32: 2 | D32: 00 | E32: 41120 | F32: 200 | J32: =J33 -> 63.5 | K32: =K33 -> 13.3 | L32: =L33 -> 70.2
A33: Иные закупки товаров, работ и услуг для обеспечения государственных (муниципальных) нужд | B33: 65 | C33: 2 | D33: 00 | E33: 41120 | F33: 240 | J33: =J34 -> 63.5 | K33: =K34 -> 13.3 | L33: =L34 -> 70.2
A34: Общегосударственные вопросы | B34: 65 | C34: 2 | D34: 00 | E34: 41120 | F34: 240 | G34: 01 | J34: =J35 -> 63.5 | K34: =K35 -> 13.3 | L34: =L35 -> 70.2
A35: Функционирование Правительства Российской Федерации, высших органов исполнительной власти субъектов Российской Федерации, местных администраций | B35: 65 | C35: 2 | D35: 00 | E35: 41120 | F35: 240 | G35: 01 | H35: 04 | J35: =J36 -> 63.5 | K35: =K36 -> 13.3 | L35: =L36 -> 70.2
A36: Администрация Паевского сельского поселения Кадошкинского муниципального района Республики Мордовия | B36: 65 | C36: 2 | D36: 00 | E36: 41120 | F36: 240 | G36: 01 | H36: 04 | I36: 918 | J36: ='Прил 5'!J28 -> 63.5 | K36: ='Прил 5'!K28 -> 13.3 | L36: ='Прил 5'!L28 -> 70.2
A37: Закупка товаров, работ и услуг для обеспечения государственных (муниципальных) нужд | B37: 65 | C37: 2 | D37: 00 | E37: 41120 | F37: 800 | J37: =J42+J38 -> 7.6 | K37: =K42+K38 -> 25.8 | L37: =L42+L38 -> 25.8
A38: Исполнение судебных актов | B38: 65 | C38: 2 | D38: 00 | E38: 41120 | F38: 830 | J38: =J39 -> 2 | K38: =K39 -> 0 | L38: =L39 -> 0
A39: Общегосударственные вопросы | B39: 65 | C39: 2 | D39: 00 | E39: 41120 | F39: 830 | G39: 01 | J39: =J40 -> 2 | K39: =K40 -> 0 | L39: =L40 -> 0
A40: Функционирование Правительства Российской Федерации, высших органов исполнительной власти субъектов Российской Федерации, местных администраций | B40: 65 | C40: 2 | D40: 00 | E40: 41120 | F40: 830 | G40: 01 | H40: 04 | J40: =J41 -> 2 | K40: =K41 -> 0 | L40: =L41 -> 0
A41: Администрация Паевского сельского поселения Кадошкинского муниципального района Республики Мордовия | B41: 65 | C41: 2 | D41: 00 | E41: 41120 | F41: 830 | G41: 01 | H41: 04 | I41: 918 | J41: ='Прил 5'!J31 -> 2 | K41: ='Прил 5'!K31 -> 0 | L41: ='Прил 5'!L31 -> 0
A42: Иные закупки товаров, работ и услуг для обеспечения государственных (муниципальных) нужд | B42: 65 | C42: 2 | D42: 00 | E42: 41120 | F42: 850 | J42: =J43 -> 5.6 | K42: =K43 -> 25.8 | L42: =L43 -> 25.8
A43: Общегосударственные вопросы | B43: 65 | C43: 2 | D43: 00 | E43: 41120 | F43: 850 | G43: 01 | J43: =J44 -> 5.6 | K43: =K44 -> 25.8 | L43: =L44 -> 25.8
A44: Функционирование Правительства Российской Федерации, высших органов исполнительной власти субъектов Российской Федерации, местных администраций | B44: 65 | C44: 2 | D44: 00 | E44: 41120 | F44: 850 | G44: 01 | H44: 04 | J44: =J45 -> 5.6 | K44: =K45 -> 25.8 | L44: =L45 -> 25.8
A45: Администрация Паевского сельского поселения Кадошкинского муниципального района Республики Мордовия | B45: 65 | C45: 2 | D45: 00 | E45: 41120 | F45: 850 | G45: 01 | H45: 04 | I45: 918 | J45: ='Прил 5'!J32 -> 5.6 | K45: ='Прил 5'!K30 -> 25.8 | L45: ='Прил 5'!L30 -> 25.8
A46: Субсидии на софинансирование расходных обязательств по финансовому обеспечению деятельности органов местного самоуправления и муниципальных учреждений | B46: 65 | C46: 2 | D46: 00 | E46: 44205 | J46: =J47+J52+J57 -> 139.4 | K46: =K47 -> 0 | L46: =L47 -> 0
A47: Расходы на выплаты персоналу в целях обеспечения выполнения функций государственными (муниципальными) органами, казенными учреждениями, органами управления государственными внебюджетными фондами | B47: 65 | C47: 2 | D47: 00 | E47: 44205 | F47: 100 | J47: =J48 -> 93 | K47: =K48 -> 0 | L47: =L48 -> 0
A48: Расходы на выплаты персоналу государственных (муниципальных) органов | B48: 65 | C48: 2 | D48: 00 | E48: 44205 | F48: 120 | J48: =J49 -> 93 | K48: =K49 -> 0 | L48: =L49 -> 0
A49: Общегосударственные вопросы | B49: 65 | C49: 2 | D49: 00 | E49: 44205 | F49: 120 | G49: 01 | J49: =J50 -> 93 | K49: =K50 -> 0 | L49: =L50 -> 0
A50: Функционирование Правительства Российской Федерации, высших органов исполнительной власти субъектов Российской Федерации, местных администраций | B50: 65 | C50: 2 | D50: 00 | E50: 44205 | F50: 120 | G50: 01 | H50: 04 | J50: =J51 -> 93 | K50: =K51 -> 0 | L50: =L51 -> 0
A51: Администрация Паевского сельского поселения Кадошкинского муниципального района Республики Мордовия | B51: 65 | C51: 2 | D51: 00 | E51: 44205 | F51: 120 | G51: 01 | H51: 04 | I51: 918 | J51: ='Прил 5'!J35 -> 93 | K51: ='Прил 5'!K35 -> 0 | L51: ='Прил 5'!L35 -> 0
A52: Иные закупки товаров, работ и услуг для обеспечения государственных (муниципальных) нужд | B52: 65 | C52: 2 | D52: 00 | E52: 44205 | F52: 200 | J52: =J53 -> 32.8 | K52: =K53 -> 0 | L52: =L53 -> 0
A53: Прочая закупка товаров, работ и услуг | B53: 65 | C53: 2 | D53: 00 | E53: 44205 | F53: 240 | J53: =J54 -> 32.8 | K53: =K54 -> 0 | L53: =L54 -> 0
A54: Общегосударственные вопросы | B54: 65 | C54: 2 | D54: 00 | E54: 44205 | F54: 240 | G54: 01 | J54: =J55 -> 32.8 | K54: =K55 -> 0 | L54: =L55 -> 0
A55: Функционирование Правительства Российской Федерации, высших органов исполнительной власти субъектов Российской Федерации, местных администраций | B55: 65 | C55: 2 | D55: 00 | E55: 44205 | F55: 240 | G55: 01 | H55: 04 | J55: =J56 -> 32.8 | K55: =K56 -> 0 | L55: =L56 -> 0
A56: Администрация Паевского сельского поселения Кадошкинского муниципального района Республики Мордовия | B56: 65 | C56: 2 | D56: 00 | E56: 44205 | F56: 240 | G56: 01 | H56: 04 | I56: 918 | J56: ='Прил 5'!J37 -> 32.8 | K56: ='Прил 5'!K37 -> 0 | L56: ='Прил 5'!L37 -> 0
A57: Иные закупки товаров, работ и услуг для обеспечения государственных (муниципальных) нужд | B57: 65 | C57: 2 | D57: 00 | E57: 44205 | F57: 850 | J57: =J58 -> 13.6 | K57: =K58 -> 0 | L57: =L58 -> 0
A58: Общегосударственные вопросы | B58: 65 | C58: 2 | D58: 00 | E58: 44205 | F58: 850 | G58: 01 | J58: =J59 -> 13.6 | K58: =K59 -> 0 | L58: =L59 -> 0
A59: Функционирование Правительства Российской Федерации, высших органов исполнительной власти субъектов Российской Федерации, местных администраций | B59: 65 | C59: 2 | D59: 00 | E59: 44205 | F59: 850 | G59: 01 | H59: 04 | J59: =J60 -> 13.6 | K59: =K60 -> 0 | L59: =L60 -> 0
A60: Администрация Паевского сельского поселения Кадошкинского муниципального района Республики Мордовия | B60: 65 | C60: 2 | D60: 00 | E60: 44205 | F60: 850 | G60: 01 | H60: 04 | I60: 918 | J60: ='Прил 5'!J39 -> 13.6 | K60: ='Прил 5'!K39 -> 0 | L60: ='Прил 5'!L39 -> 0
A61: Непрограммные расходы главных распорядителей средств бюджета Паевского сельского поселения Кадошкинского муниципального района Республики Мордовия | B61: 89 | J61: =J62 -> 686.51 | K61: =K62 -> 538.4 | L61: =L62 -> 529.5
A62: Непрограммные расходы в рамках обеспечения деятельности главных распорядителей средств бюджета Паевского сельского поселения Кадошкинского муниципального района Республики Мордовия | B62: 89 | C62: 1 | J62: =J68+J74+J80+J104+J110+J116+J127+J92+J98+J121 -> 686.51 | K62: =K68+K74+K80+K104+K110+K116+K127+K92+K98+K121 -> 538.4 | L62: =L68+L74+L80+L104+L110+L116+L127+L92+L98+L121 -> 529.5
A63: Доплаты к пенсиям муниципальных служащих | B63: 89 | C63: 1 | D63: 00 | E63: 03010 | J63: =J66 -> 68.8 | K63: =K66 -> 47 | L63: =L66 -> 23.4
A64: Социальное обеспечение и иные выплаты населению | B64: 89 | C64: 1 | D64: 00 | E64: 03010 | F64: 300 | J64: =J65 -> 68.8 | K64: =K65 -> 47 | L64: =L65 -> 23.4
A65: Публичные нормативные социальные выплаты гражданам | B65: 89 | C65: 1 | D65: 00 | E65: 03010 | F65: 310 | J65: =J66 -> 68.8 | K65: =K66 -> 47 | L65: =L66 -> 23.4
A66: Социальная политика | B66: 89 | C66: 1 | D66: 00 | E66: 03010 | F66: 310 | G66: 10 | J66: =J67 -> 68.8 | K66: =K67 -> 47 | L66: =L67 -> 23.4
A67: Пенсионное обеспечение | B67: 89 | C67: 1 | D67: 00 | E67: 03010 | F67: 310 | G67: 10 | H67: 01 | J67: =J68 -> 68.8 | K67: =K68 -> 47 | L67: =L68 -> 23.4
A68: Администрация Паевского сельского поселения Кадошкинского муниципального района Республики Мордовия | B68: 89 | C68: 1 | D68: 00 | E68: 03010 | F68: 310 | G68: 10 | H68: 01 | I68: 918 | J68: ='Прил 5'!J89 -> 68.8 | K68: ='Прил 5'!K89 -> 47 | L68: ='Прил 5'!L89 -> 23.4
A69: Резервный фонд администрации Паевского сельского поселения Кадошкинского муниципального района Республики Мордовия | B69: 89 | C69: 1 | D69: 00 | E69: 41180 | J69: =J72 -> 1 | K69: =K72 -> 1 | L69: =L72 -> 1
A70: Иные бюджетные ассигнования | B70: 89 | C70: 1 | D70: 00 | E70: 41180 | F70: 800 | J70: =J71 -> 1 | K70: =K71 -> 1 | L70: =L71 -> 1
A71: Резервные средства | B71: 89 | C71: 1 | D71: 00 | E71: 41180 | F71: 870 | J71: =J72 -> 1 | K71: =K72 -> 1 | L71: =L72 -> 1
A72: Общегосударственные вопросы | B72: 89 | C72: 1 | D72: 00 | E72: 41180 | F72: 870 | G72: 01 | J72: =J73 -> 1 | K72: =K73 -> 1 | L72: =L73 -> 1
A73: Резервные фонды | B73: 89 | C73: 1 | D73: 00 | E73: 41180 | F73: 870 | G73: 01 | H73: 11 | J73: =J74 -> 1 | K73: =K74 -> 1 | L73: =L74 -> 1
A74: Администрация Паевского сельского поселения Кадошкинского муниципального района Республики Мордовия | B74: 89 | C74: 1 | D74: 00 | E74: 41180 | F74: 870 | G74: 01 | H74: 11 | I74: 918 | J74: ='Прил 5'!J50 -> 1 | K74: ='Прил 5'!K50 -> 1 | L74: ='Прил 5'!L50 -> 1
A75: Процентные платежи по муниципальному долгу | B75: 89 | C75: 1 | D75: 00 | E75: 41240 | J75: =J78 -> 1.7 | K75: =K78 -> 1.7 | L75: =L78 -> 1.7
A76: Обслуживание государственного (муниципального) долга | B76: 89 | C76: 1 | D76: 00 | E76: 41240 | F76: 700 | J76: =J77 -> 1.7 | K76: =K77 -> 1.7 | L76: =L77 -> 1.7
A77: Обслуживание муниципального долга | B77: 89 | C77: 1 | D77: 00 | E77: 41240 | F77: 730 | J77: =J78 -> 1.7 | K77: =K78 -> 1.7 | L77: =L78 -> 1.7
A78: Обслуживание государственного и муниципального долга | B78: 89 | C78: 1 | D78: 00 | E78: 41240 | F78: 730 | G78: 13 | J78: =J79 -> 1.7 | K78: =K79 -> 1.7 | L78: =L79 -> 1.7
A79: Обслуживание государственного внутреннего и муниципального долга | B79: 89 | C79: 1 | D79: 00 | E79: 41240 | F79: 730 | G79: 13 | H79: 01 | J79: =J80 -> 1.7 | K79: =K80 -> 1.7 | L79: =L80 -> 1.7
A80: Администрация Паевского сельского поселения Кадошкинского муниципального района Республики Мордовия | B80: 89 | C80: 1 | D80: 00 | E80: 41240 | F80: 730 | G80: 13 | H80: 01 | I80: 918 | J80: ='Прил 5'!J96 -> 1.7 | K80: ='Прил 5'!K96 -> 1.7 | L80: ='Прил 5'!L96 -> 1.7
A81: Условно утверждаемые расходы | B81: 89 | C81: 1 | D81: 00 | E81: 41990 | K81: =K82 -> 24.2 | L81: =L82 -> 50.4
A82: Иные бюджетные ассигнования | B82: 89 | C82: 1 | D82: 00 | E82: 41990 | F82: 800 | K82: =K83 -> 24.2 | L82: =L83 -> 50.4
A83: Резервные средства | B83: 89 | C83: 1 | D83: 00 | E83: 41990 | F83: 870 | K83: ='Прил 5'!K99 -> 24.2 | L83: ='Прил 5'!L99 -> 50.4
A84: Условно утверждаемые расходы | B84: 89 | C84: 1 | D84: 00 | E84: 41990 | F84: 870 | G84: 99 | K84: 24.6 | L84: 52.6
A85: Условно утверждаемые расходы | B85: 89 | C85: 1 | D85: 00 | E85: 41990 | F85: 870 | G85: 99 | H85: 99 | K85: 24.6 | L85: 52.6
A86: Администрация Паевского сельского поселения Кадошкинского муниципального района Республики Мордовия | B86: 89 | C86: 1 | D86: 00 | E86: 41990 | F86: 870 | G86: 99 | H86: 99 | I86: 918 | K86: 24.6 | L86: 52.6
A87: Уличное освещение | B87: 89 | C87: 1 | D87: 00 | E87: 43010 | J87: =J90 -> 35.3 | K87: =K90 -> 3 | L87: =L90 -> 3
A88: Иные закупки товаров, работ и услуг для обеспечения государственных (муниципальных) нужд | B88: 89 | C88: 1 | D88: 00 | E88: 43010 | F88: 200 | J88: =J89 -> 35.3 | K88: =K89 -> 3 | L88: =L89 -> 3
A89: Прочая закупка товаров, работ и услуг | B89: 89 | C89: 1 | D89: 00 | E89: 43010 | F89: 240 | J89: =J90 -> 35.3 | K89: =K90 -> 3 | L89: =L90 -> 3
A90: Коммунальное хозяйство | B90: 89 | C90: 1 | D90: 00 | E90: 43010 | F90: 240 | G90: 05 | J90: =J91 -> 35.3 | K90: =K91 -> 3 | L90: =L91 -> 3
A91: Благоустройство | B91: 89 | C91: 1 | D91: 00 | E91: 43010 | F91: 240 | G91: 05 | H91: 03 | J91: =J92 -> 35.3 | K91: =K92 -> 3 | L91: =L92 -> 3
A92: Администрация Паевского сельского поселения Кадошкинского муниципального района Республики Мордовия | B92: 89 | C92: 1 | D92: 00 | E92: 43010 | F92: 240 | G92: 05 | H92: 03 | I92: 918 | J92: ='Прил 5'!J79 -> 35.3 | K92: ='Прил 5'!K79 -> 3 | L92: ='Прил 5'!L79 -> 3
A93: Прочие мероприятия по благоустройству | B93: 89 | C93: 1 | D93: 00 | E93: 43040 | J93: =J96 -> 89 | K93: =K96 -> 2 | L93: =L96 -> 2
A94: Иные закупки товаров, работ и услуг для обеспечения государственных (муниципальных) нужд | B94: 89 | C94: 1 | D94: 00 | E94: 43040 | F94: 200 | J94: =J95 -> 89 | K94: =K95 -> 2 | L94: =L95 -> 2
A95: Прочая закупка товаров, работ и услуг | B95: 89 | C95: 1 | D95: 00 | E95: 43040 | F95: 240 | J95: =J96 -> 89 | K95: =K96 -> 2 | L95: =L96 -> 2
A96: Коммунальное хозяйство | B96: 89 | C96: 1 | D96: 00 | E96: 43040 | F96: 240 | G96: 05 | J96: =J97 -> 89 | K96: =K97 -> 2 | L96: =L97 -> 2
A97: Благоустройство | B97: 89 | C97: 1 | D97: 00 | E97: 43040 | F97: 240 | G97: 05 | H97: 03 | J97: =J98 -> 89 | K97: =K98 -> 2 | L97: =L98 -> 2
A98: Администрация Паевского сельского поселения Кадошкинского муниципального района Республики Мордовия | B98: 89 | C98: 1 | D98: 00 | E98: 43040 | F98: 240 | G98: 05 | H98: 03 | I98: 918 | J98: ='Прил 5'!J82 -> 89 | K98: ='Прил 5'!K82 -> 2 | L98: ='Прил 5'!L82 -> 2
A99: Иные межбюджетные трансферты на осуществление полномочий по организации в границах поселения электро-, тепло-, газо- и водоснабжения населения, водоотведения, снабжения населения топливом в пределах полномочий, установленных законодательством Российской Федерации | B99: 89 | C99: 1 | D99: 00 | E99: 44101 | J99: =J102 -> 32.71 | K99: =K102 -> 0.4 | L99: =L102 -> 0.4
A100: Иные закупки товаров, работ и услуг для обеспечения государственных (муниципальных) нужд | B100: 89 | C100: 1 | D100: 00 | E100: 44101 | F100: 200 | J100: =J101 -> 32.71 | K100: =K101 -> 0.4 | L100: =L101 -> 0.4
A101: Прочая закупка товаров, работ и услуг | B101: 89 | C101: 1 | D101: 00 | E101: 44101 | F101: 240 | J101: =J102 -> 32.71 | K101: =K102 -> 0.4 | L101: =L102 -> 0.4
A102: Жилищно-коммунальное хозяйство | B102: 89 | C102: 1 | D102: 00 | E102: 44101 | F102: 240 | G102: 05 | J102: =J103 -> 32.71 | K102: =K103 -> 0.4 | L102: =L103 -> 0.4
...

Sheet Прил 7
D1: Приложение 7
C2: к решению сессии Совета депутатов Паевскго сельского поселения "О бюджете Паевского сельского поселения Кадошкинского муниципального района Республики Мордовия на 2021 год и на плановый период 2022 и 2023 годов"
A3: ИСТОЧНИКИ ВНУТРЕННЕГО ФИНАНСИРОВАНИЯ ДЕФИЦИТА БЮДЖЕТА ПАЕВСКОГО СЕЛЬСКОГО ПОСЕЛЕНИЯ КАДОШКИНСКОГО МУНИЦИПАЛЬНОГО РАЙОНА РЕСПУБЛИКИ МОРДОВИЯ НА 2021 ГОД И НА ПЛАНОВЫЙ ПЕРИОД 2022 И 2023 ГОДОВ
E4: (тыс.руб.)
A5: Код | B5: НАИМЕНОВАНИЕ | C5: 2021 год | D5: 2022 год | E5: 2023 год
A6: 1 | B6: 2 | C6: 3 | D6: 4 | E6: 5
A7: 000 01 00 00 00 00 0000 000 | B7: ИСТОЧНИКИ ВНУТРЕННЕГО ФИНАНСИРОВАНИЯ ДЕФИЦИТОВ БЮДЖЕТОВ | C7: =C8+C11+C15 -> 0 | D7: =D8+D11+D15 -> 0 | E7: =E8+E11+E15 -> 0
A8: 000 01 02 00 00 00 0000 000 | B8: Кредиты кредитных организаций в валюте Российской Федерации | C8: =SUM(C9) -> 23.4 | D8: =SUM(D9) -> 47 | E8: =SUM(E9) -> 70.4
A9: 000 01 02 00 00 00 0000 700 | B9: Получение кредитов от кредитных организаций в валюте Российской Федерации | C9: =SUM(C10) -> 23.4 | D9: =SUM(D10) -> 47 | E9: =SUM(E10) -> 70.4
A10: 000 01 02 00 00 10 0000 710 | B10: Получение кредитов от кредитных организаций бюджетами сельских поселений в валюте Российской Федерации | C10: 23.4 | D10: 47 | E10: 70.4
A11: 000 01 03 00 00 00 0000 000 | B11: Бюджетные кредиты из других бюджетов бюджетной системы Российской Федерации | C11: =C12 -> -23.4 | D11: =D12 -> -47 | E11: =E12 -> -70.4
A12: 000 01 03 01 00 00 0000 800 | B12: Погашение бюджетных кредитов, полученных из других бюджетов бюджетной системы Российской Федерации в валюте Российской Федерации | C12: =C13 -> -23.4 | D12: =D13 -> -47 | E12: =E13 -> -70.4
A13: 000 01 03 01 00 10 0000 800 | B13: Погашение бюджетных кредитов, полученных из других бюджетов бюджетной системы Российской Федерации в валюте Российской Федерации | C13: =SUM(C14) -> -23.4 | D13: =SUM(D14) -> -47 | E13: =SUM(E14) -> -70.4
A14: 000 01 03 01 00 10 0000 810 | B14: Погашение бюджетами сельских поселений кредитов из других бюджетов бюджетной системы Российской Федерации в валюте Российской Федерации | C14: -23.4 | D14: -47 | E14: -70.4
A15: 000 01 05 00 00 00 0000 000 | B15: Изменение остатков средств на счетах по учету средств бюджетов | C15: =C18+C19 -> 0 | D15: =D18+D19 -> 0 | E15: =E18+E19 -> 0
A16: 000 01 05 02 00 00 0000 500 | B16: Увеличение прочих остатков средств бюджетов | C16: =SUM(C17) -> -1607.51 | D16: =SUM(D17) -> -1100.8 | E16: =SUM(E17) -> -1168.6
A17: 000 01 05 02 01 00 0000 510 | B17: Увеличение прочих остатков денежных средств бюджетов | C17: =SUM(C18) -> -1607.51 | D17: =SUM(D18) -> -1100.8 | E17: =SUM(E18) -> -1168.6
A18: 000 01 05 02 01 10 0000 510 | B18: Увеличение прочих остатков денежных средств бюджетов сельских поселений | C18: =-('Прил 3'!C8+C10) -> -1607.51 | D18: =-('Прил 3'!D8+D10) -> -1100.8 | E18: =-('Прил 3'!E8+E10) -> -1168.6
A19: 000 01 05 02 00 00 0000 600 | B19: Уменьшение прочих остатков средств бюджетов | C19: =SUM(C20) -> 1607.51 | D19: =SUM(D20) -> 1100.8 | E19: =SUM(E20) -> 1168.6
A20: 000 01 05 02 01 00 0000 610 | B20: Уменьшение прочих остатков денежных средств бюджетов | C20: =SUM(C21) -> 1607.51 | D20: =SUM(D21) -> 1100.8 | E20: =SUM(E21) -> 1168.6
A21: 000 01 05 02 01 10 0000 610 | B21: Уменьшение прочих остатков денежных средств бюджетов сельских поселений | C21: ='Прил 4 '!I8-C14 -> 1607.51 | D21: ='Прил 4 '!J8-D14 -> 1100.8 | E21: ='Прил 4 '!K8-E14 -> 1168.6
B22: Привлечение средств | C22: 23.4 | D22: 47 | E22: 70.4

Sheet Прил 8
D1: Приложение 8
C2: к решению сессии Совета депутатов Паевскго сельского поселения "О бюджете Паевского сельского поселения Кадошкинского муниципального района Республики Мордовия на 2021 год и на плановый период 2022 и 2023 годов"
A3: ПРОГРАММА МУНИЦИПАЛЬНЫХ ВНУТРЕННИХ ЗАИМСТВОВАНИЙ ПАЕВСКОГО СЕЛЬСКОГО ПОСЕЛЕНИЯ КАДОШКИНСКОГО МУНИЦИПАЛЬНОГО РАЙОНА РЕСПУБЛИКИ МОРДОВИЯ НА 2021 ГОД И НА ПЛАНОВЫЙ ПЕРИОД 2022 И 2023 ГОДОВ
E6: (тыс.руб.)
A7: № п/п | B7: ВИДЫ ЗАИМСТВОВАНИЙ | C7: Сумма
C8: 2021 год | D8: 2022 год | E8: 2023 год
A9: 1 | B9: 2 | C9: 3 | D9: 4 | E9: 5
A10: I | B10: Кредиты кредитных организаций в валюте Российской Федерации | C10: =C12 -> 23.4 | D10: =D12 -> 47 | E10: =E12 -> 70.4
B11: в том числе:
A12: 1 | B12: Объем привлечения | C12: 23.4 | D12: 47 | E12: 70.4
A13: 2 | B13: Объем средств, напрвляемых на погашение основной суммы долга
A14: II | B14: Бюджетные кредиты от других бюджетов бюджетной системы Российской Федерации | C14: =C17 -> -23.4 | D14: =D17 -> -47 | E14: =E17 -> -70.4
B15: в том числе
A16: 1 | B16: Объем привлечения
A17: 2 | B17: Объем средств, напрвляемых на погашение основной суммы долга | C17: -23.4 | D17: -47 | E17: -70.4
B18: ВСЕГО | C18: =C12+C17 -> 0 | D18: =D12+D17 -> 0 | E18: =E12+E17 -> 0
